 Dungeon Crawl Stone Soup version 0.30-a0-142-g7370640ec8 (webtiles) character file.

Game seed: 13861244682003972688

531121 qw the Slayer (level 25, -21/178 HPs)
             Began as a Gargoyle Fighter on Sept 25, 2022.
             Was a High Priest of Okawaru.
             Demolished by a golden dragon (23 damage)
             ... on level 4 of the Realm of Zot.
             The game lasted 00:28:03 (55125 turns).

qw the Slayer (Gargoyle Fighter)                   Turns: 55125, Time: 00:28:04

Health: -21/178    AC: 70    Str: 46    XL:     25   Next: 64%
Magic:  39/39      EV: 21    Int: 14    God:    Okawaru [*****.]
Gold:   2446       SH: 32    Dex: 16    Spells: 24/24 levels left

rFire   + + .      SeeInvis +    P - +1 broad axe of Calamity {spect, rC+ Str+6 Dex+4}
rCold   + + +      Faith    .    G - +2 tower shield {rF+}
rNeg    + + .      Spirit   .    A - +8 orange crystal plate armour {Archmagi, Int+3 Clar}
rPois   inf        Reflect  +    g - +2 hat of the Arcane {Regen+ Str+3 Dex+3}
rElec   +          Harm     .    I - scarf {rC+ rF+}
rCorr   +          Rampage  .    n - +4 pair of gloves "Rastraon" {rElec rC+ Str+2}
Will    ++...      Archmagi +    M - +2 pair of boots of Japs {+Blink Will+ rCorr Str-3}
Stlth   .......... Clarity  +    m - amulet "Apirph" {Reflect MP+9 SH+5}
HPRegen 1.19/turn                j - ring of Kokecs {Drain rN+ rCorr Str+8 SInv}
MPRegen 0.26/turn                k - +4 ring of evasion

@: about to teleport, heroic, flying, slowed, very slow
A: sickness immunity, AC +19, big wings, negative energy resistance 1,
electricity resistance, torment resistance 1, petrification resistance, beak
}: 3/15 runes: serpentine, barnacled, silver
a: Renounce Religion, Evoke Blink, Heroism, Finesse, Duel


You were on level 4 of the Realm of Zot.
You worshipped Okawaru.
Okawaru was extremely pleased with you.
You visited 9 branches of the dungeon, and saw 44 of its levels.
You also visited: Desolation.

You collected 9391 gold pieces.
You spent 6945 gold pieces at shops.


Innate Abilities, Weirdness & Mutations

You are immune to sickness and miasma.
Your stone body is resilient. (AC +19)
You are immune to poison.
Your large and strong wings let you fly.
You resist negative energy. (rN+)
You are resistant to electric shocks. (rElec)
You are resistant to unholy torment.
You are immune to petrification.
You have a beak for a mouth.


   Skills:
 - Level 24.0(27) Fighting
 - Level 18.0(23.0) Axes
 + Level 13.9(18.9) Throwing
 - Level 22.0(27) Armour
 - Level 11.0(16.0) Dodging
 - Level 22.0(27) Shields
 - Level 10.0 Invocations


You had 24 spell levels left.
You didn't know any spells.
Your spell library was empty.

Inventory:

Hand Weapons
 P - the +1 broad axe of Calamity (weapon) {spect, rC+ Str+6 Dex+4}
   (You bought it in a shop on level 1 of the Vaults)

   When its wielder attacks, the weapon's spirit leaps out and strikes again.
   The spirit shares a part of any damage it takes with its wielder.
   Str:       It affects your strength (+6).
   Dex:       It affects your dexterity (+4).
   rC:        It protects you from cold.
Missiles
 s - 2 silver javelins (quivered)
 v - 3 silver boomerangs
 z - 37 boomerangs
 E - 16 javelins
Armour
 a - a +1 tower shield of cold resistance
 g - the +2 hat of the Arcane (worn) {Regen+ Str+3 Dex+3}
   (Okawaru gifted it to you on level 2 of the Orcish Mines)

   Str:       It affects your strength (+3).
   Dex:       It affects your dexterity (+3).
   Regen:     It increases your rate of health regeneration.
 n - the +4 pair of gloves "Rastraon" (worn) {rElec rC+ Str+2}
   (You bought it in a shop on level 4 of the Shoals)

   Str:       It affects your strength (+2).
   rC:        It protects you from cold.
   rElec:     It insulates you from electricity.
 p - +0 gold dragon scales
 u - a +2 cloak
 A - the +8 orange crystal plate armour (worn) {Archmagi, Int+3 Clar}
   (Okawaru gifted it to you on level 2 of the Shoals)

   Int:       It affects your intelligence (+3).
   Clar:      It protects you against confusion.
 D - the +4 chain mail "Aduicoax" {rPois Regen+ rCorr Int-4}
   (You found it on level 4 of the Shoals)

   Int:       It affects your intelligence (-4).
   rPois:     It protects you from poison.
   Regen:     It increases your rate of health regeneration.
   rCorr:     It protects you from acid and corrosion.
 G - a +2 tower shield of fire resistance (worn)
 I - a scarf of resistance (worn)
 M - the +2 pair of boots of Japs (worn) {+Blink Will+ rCorr Str-3}
   (Okawaru gifted it to you on level 3 of the Depths)

   Str:       It affects your strength (-3).
   +Blink:    It lets you blink.
   rCorr:     It protects you from acid and corrosion.
   Will:      It increases your willpower.
 N - a +2 pair of boots
Jewellery
 j - the ring of Kokecs (left hand) {Drain rN+ rCorr Str+8 SInv}
   (You acquired it on level 9 of the Dungeon)

   [ring of positive energy]

   Str:       It affects your strength (+8).
   rN:        It protects you from negative energy.
   SInv:      It lets you see invisible.
   rCorr:     It protects you from acid and corrosion.
   Drain:     It drains your maximum health when unequipped.
 k - a +4 ring of evasion (right hand)
 m - the amulet "Apirph" (around neck) {Reflect MP+9 SH+5}
   (You found it on level 4 of the Dungeon)

   [amulet of reflection]

   It reflects blocked missile attacks.
   MP:        It affects your magic capacity (+9).
   SH:        It affects your SH (+5).
 q - a ring of protection from fire
 w - the amulet "Wemmut" {Acrobat Will++ Str-5 SInv}
   (You found it on level 4 of the Lair of Beasts)

   [amulet of the acrobat]

   It increases your evasion while moving and waiting.
   Str:       It affects your strength (-5).
   SInv:      It lets you see invisible.
   Will:      It greatly increases your willpower.
 x - a ring of fire
 C - a ring of ice
 H - a ring of ice
 K - the amulet of the Briny Deep {Spirit rC+}
   (You took it off an ironbound convoker in the Desolation of Salt)

   [amulet of guardian spirit]

   It causes incoming damage to be divided between your reserves of health and
   magic.
   rC:        It protects you from cold.
Wands
 c - a wand of digging (8)
Scrolls
 o - 10 scrolls of identify
 B - 8 scrolls of teleportation
 F - 15 scrolls of enchant weapon
 J - a scroll of enchant armour
 O - 3 scrolls of brand weapon
Potions
 b - 6 potions of magic
 d - 14 potions of might
 e - 16 potions of lignification
 f - 16 potions of mutation
 h - 26 potions of curing
 i - 4 potions of cancellation
 l - 11 potions of attraction
 r - 12 potions of haste
 t - 10 potions of resistance
 L - 3 potions of heal wounds

Dungeon Overview and Level Annotations

Branches:
Dungeon (15/15)            Temple (1/1) D:5            Lair (5/5) D:9
 Shoals (4/4) Lair:2        Snake (4/4) Lair:3        Slime (0/5) Lair:4
    Orc (2/2) D:9             Elf (0/3) Orc:2        Vaults (5/5) D:14
  Crypt (0/3) Vaults:2     Depths (4/4) D:15            Zot (4/5) Depths:4
Desolation (visited)

Altars:
Ashenzari
Cheibriados
Dithmenos
Elyvilon
Fedhas
Gozag
Hepliaklqana
Kikubaaqudgha
Makhleb
Nemelex Xobeh
Okawaru
Qazlal
Ru
Sif Muna
Trog
Uskayaw
Vehumet
Wu Jian
Xom
Yredelemnul
Zin
The Shining One
Jiyva

Shops:
D:1 *   D:7 *   D:8 ?   D:9 (   Orc:2 *?=[   Shoals:3 [**[(   Shoals:4 =!([
Snake:3 :   Snake:4 (((   Vaults:1 *(   Vaults:4 *   Vaults:5 !??(??!
Depths:3 :=:

Portals:
Hell: Depths:1 Depths:2 Depths:3 Depths:4
Abyss: D:13 Depths:1 Depths:3
Pandemonium: Depths:2 Depths:4
Ziggurat: Depths:2

Annotations:
D:9 2 transporters, qw's ghost, novice GrFi
D:13 2 transporters, Deukiw's ghost, journeyman SpEn
Snake:3 1 runed translucent door, TuffENuff's ghost, adept FoFi
Zot:3 6 transporters, Heisao's ghost, legendary TrBe


Message History

You hit the golden dragon.
You peck the golden dragon, but do no damage.
The golden dragon is moderately wounded.
You hit the moth of wrath. You closely miss the shadow dragon.
Your +1 broad axe of Calamity {spect, rC+ Str+6 Dex+4} closely misses the moth of wrath.
Your +1 broad axe of Calamity {spect, rC+ Str+6 Dex+4} closely misses the shadow dragon.
The shadow dragon misses you.
The shadow dragon completely misses you.
The shadow dragon claws you but does no damage.
The golden dragon bites you but does no damage.
You block the golden dragon's attack. x2
A black draconian comes into view. It is wielding a +0 short sword.
The white draconian stormcaller mumbles some strange prayers to Qazlal against you.
Qazlal smites you!
A yellow draconian annihilator comes into view.
It is wielding a +0 short sword.
You block the shadow dragon's attack.
The shadow dragon claws you but does no damage.
The shadow dragon misses you.
The red draconian rages.
The moth of wrath misses you.
You block the golden dragon's attack. x2
The golden dragon completely misses you.
The black draconian rages.
You hear a deafening roar!
You hear a roar!
55125 ||| READING 9 scrolls of teleportation.
As you read the scroll of teleportation, it crumbles to dust.
You feel strangely unstable.
You feel the Orb delaying your translocation!
You block the shadow dragon's attack. x3; The moth of wrath misses you.
The golden dragon bites you!! You block the golden dragon's attack.
The golden dragon completely misses you.
A yellow draconian annihilator comes into view.
It is wielding a +0 long sword.
A red draconian comes into view. It is wielding a +0 scimitar.
The yellow draconian annihilator mumbles some strange words.
The yellow draconian annihilator blinks!
The shadow dragon bites you but does no damage.
You block the shadow dragon's attack. The shadow dragon misses you.
The moth of wrath completely misses you.
The white draconian stormcaller calls down the wrath of Qazlal upon you.
Qazlal smites you! The golden dragon bites you!!
You die... .#. ..## ./####...## . ....#...... q. .......... d.d

#........#
¤d..###¤¤....#.#
......#.........
..#..Dy¤y.......
#.$.dqD@...##...
##..yqD##...#
##..d# ####
...#.. .....
#.... .... ....


You could see a shadow dragon (berserk), a golden dragon (berserk), a storm
dragon (berserk), 2 draconians, a yellow draconian, 2 draconians, a white
draconian stormcaller, a yellow draconian annihilator, a red draconian scorcher
and 3 moths of wrath.

Vanquished Creatures
  An ancient lich (Vaults:5)
  2 juggernauts (Depths:3)
  Sojobo (Vaults:5)
  Margery (Depths:3)
  2 curse toes (Zot:1)
  12 golden dragons
  2 caustic shrikes (Depths:3)
  An electric golem (Zot:2)
  A walking crystal tome (Depths:2)
  9 tentacled monstrosities
  2 liches
  3 quicksilver dragons
  Jorgrun (Orc:1)
  3 titans (Vaults:5)
  3 walking frostbound tomes
  7 sphinxes
  An acid blob (Zot:1)
  3 krakens
  A walking divine tome (Depths:3)
  7 death cobs
  9 storm dragons
  9 tengu reavers
  Roxanne (Snake:1)
  7 shadow dragons
  5 nagarajas
  Ilsuiw (Shoals:2)
  4 draconian knights
  A deep elf sorcerer (Vaults:5)
  14 fire giants
  Louise (Snake:2)
  11 frost giants
  19 vault wardens
  An orc warlord (Orc:2)
  3 ghost moths
  2 balrugs
  An imperial myrmidon (Desolation)
  3 draconian scorchers
  5 draconian stormcallers
  2 war gargoyles (Vaults:3)
  5 draconian shifters
  2 draconian annihilators (Zot:2)
  15 ironbound preservers
  7 spriggan defenders
  5 vampire knights
  6 ironbound thunderhulks
  49 very ugly things
  19 stone giants
  9 green draconians
  4 deep elf demonologists (Vaults:5)
  6 black draconians
  10 yellow draconians
  A deep elf annihilator (Vaults:5)
  3 halazid warlocks (Desolation)
  11 dire elephants
  12 white draconians
  6 spark wasps
  11 red draconians
  8 purple draconians
  12 ettins
  2 crystal guardians (Desolation)
  An eidolon (Vaults:2)
  10 fire dragons
  A green death (Zot:1)
  Snorg (D:14)
  3 deep elf death magi (Vaults:5)
  An entropy weaver (Vaults:2)
  6 merfolk javelineers
  12 yaktaur captains
  2 great orbs of eyes
  4 ragged hierophants (Desolation)
  11 ice dragons
  9 merfolk impalers
  3 rakshasas
  2 salamander tyrants (Snake:4)
  9 peacekeepers
  36 vault guards
  4 hydras
  9 servants of whispers (Desolation)
  6 spriggan air magi
  3 ogre magi
  A catoblepas (Lair:5)
  6 boulder beetles
  An alligator snapping turtle (Shoals:4)
  2 hell beasts
  An anaconda (shapeshifter) (Depths:3)
  21 centaur warriors
  2 satyrs
  9 anacondas
  6 ironbound frosthearts
  7 merfolk aquamancers
  3 hell hogs (Depths:2)
  A merfolk avatar (Shoals:4)
  6 death yaks
  3 spriggan berserkers
  8 two-headed ogres
  4 deep troll shamans
  18 naga warriors
  4 orc high priests (Orc:2)
  A vampire mage (Depths:1)
  12 naga sharpshooters
  10 tengu warriors
  11 deep troll earth magi
  3 shock serpents
  4 soul eaters (Depths:2)
  24 hell knights
  3 sun demons
  Amaemon (Lair:3)
  A sixfirhy (Depths:4)
  6 salamander mystics
  7 iron trolls
  16 sea snakes
  3 glowing orange brains
  33 deep trolls
  3 flayed ghosts
  7 orc knights
  An obsidian statue (Vaults:1)
  7 naga ritualists
  12 lindwurms
  5 wizards
  Pikel (D:6)
  26 harpies
  12 necromancers
  6 phantasmal warriors
  22 ironbound convokers
  A shadow dragon skeleton (Depths:1)
  4 deep elf pyromancers
  7 orc sorcerers
  2 oklob plants (Lair:4)
  40 ugly things
  15 manticores
  7 fauns
  7 mana vipers
  A human zombie (Vaults:4)
  2 fire giant zombies
  4 cyclopes
  8 salamanders
  8 merfolk sirens
  7 moths of wrath
  6 guardian serpents
  31 black mambas
  14 elephants
  17 vault sentinels
  A rust devil (Depths:4)
  A frost giant skeleton (Vaults:4)
  12 naga magi
  A molten gargoyle (Desolation)
  2 water nymphs
  An orange demon (Lair:3)
  6 smoke demons
  14 cane toads
  35 yaktaurs
  A gargoyle (D:11)
  2 torpor snails (shapeshifter) (Vaults:5)
  A hellion (Depths:2)
  A freezing wraith (Vaults:5)
  An ice devil (Depths:4)
  2 unseen horrors
  An efreet (D:14)
  A tengu conjurer (Depths:1)
  A rime drake (shapeshifter) (Vaults:5)
  6 komodo dragons
  A red devil (Depths:4)
  3 kobold demonologists (D:12)
  A hellwing (Depths:4)
  13 trolls
  A meliai (D:14)
  A wolf spider simulacrum (D:14)
  30 merfolk
  54 saltlings
  5 hornets
  8 wind drakes
  A polar bear (Lair:5)
  A sphinx simulacrum (Depths:1)
  A tarantella (Vaults:2)
  A frost giant simulacrum (Depths:1)
  7 snapping turtles
  2 dream sheep (Shoals:4)
  18 slime creatures
  15 blink frogs
  3 wyverns
  A culicivora (shapeshifter) (Vaults:5)
  3 spriggans (Depths:2)
  A shadow (D:12)
  2 vampires (D:12)
  5 water elementals
  9 wraiths
  3 basilisks
  33 yaks
  2 fire elementals
  A neqoxec (Depths:4)
  2 redbacks (Vaults:2)
  A steam dragon (D:7)
  12 vampire mosquitoes
  Edmund (D:6)
  54 nagas
  4 wargs
  A glowing shapeshifter zombie (Vaults:4)
  3 floating eyes
  Duvessa (D:6)
  An acid dragon (D:12)
  A glowing shapeshifter skeleton (Depths:1)
  9 water moccasins
  5 black bears
  47 orc warriors
  2 ice beasts (D:6)
  A human skeleton (Depths:1)
  4 boggarts (Vaults:1)
  12 centaurs
  15 ogres
  20 wolves
  2 phantoms
  2 lemures (D:6)
  Blork the orc (D:6)
  4 kobold brigands
  A necrophage (D:7)
  15 bullfrogs
  2 glowing shapeshifter simulacra (Depths:1)
  4 scorpions
  Dowan (D:6)
  4 killer bees (D:10)
  5 electric eels
  A howler monkey (D:7)
  4 hounds
  A jelly (D:6)
  43 orc priests
  2 gnoll boudas
  3 iguanas
  Ijyb (D:4)
  20 orc wizards
  3 polar bear simulacra (Lair:3)
  2 yak simulacra (Lair:3)
  2 wolf simulacra (Lair:3)
  14 gnolls
  11 adders
  A white imp (D:6)
  A worm (D:2)
  A dart slug (D:3)
  123 orcs
  2 ball pythons
  4 bats
  12 endoplasms
  2 giant cockroaches
  12 hobgoblins
  A jackal (D:1)
  A quokka (D:3)
  7 frilled lizards
  9 goblins
  24 kobolds
  A rat (D:1)
  4 river rat simulacra (Lair:3)
  A plant (Lair:5)
  7 tentacles
  A toadstool (D:13)
1893 creatures vanquished.

Vanquished Creatures (others)
  A wizard (Vaults:1)
  A deep elf pyromancer (D:13)
  A warg (Vaults:5)
  20 fungi
  98 plants
  8 tentacles
  3 toadstools (D:13)
  6 withered plants (D:14)
138 creatures vanquished.

Grand Total: 2031 creatures vanquished

Notes
Turn   | Place    | Note
-------+----------+-------------------------------------------
     0 | D:1      | qw the Gargoyle Fighter began the quest for the Orb.
     0 | D:1      | Reached XP level 1. HP: 14/14 MP: 1/1
     0 | D:1      | 0 ||| qw: Version: 0.2-a-10-g399e6c4
     0 | D:1      | 0 ||| qw: Game counter: 419
     0 | D:1      | 0 ||| qw: Always use a shield: true
     0 | D:1      | 0 ||| qw: God list: Okawaru
     0 | D:1      | 0 ||| qw: Allow faded altars: false
     0 | D:1      | 0 ||| qw: Do Orc after D:15 true
     0 | D:1      | 0 ||| qw: Do second Lair branch before Depths: true
     0 | D:1      | 0 ||| qw: Lair rune preference: random
     0 | D:1      | 0 ||| qw: Plans: Normal, Zot:1-4, God:TSO, Crypt, Tomb,
                  | Pan, Slime:5, Hells, Abyss, Orb
     0 | D:1      | 0 ||| PLANNING D:1-11
   278 | D:1      | Reached XP level 2. HP: 15/19 MP: 2/2
   490 | D:1      | 490 ||| DROPPING +0 club.
   532 | D:1      | Found Feoqae's General Store.
   541 | D:1      | 541 ||| SHOPLISTING +3 leather armour of cold resistance
                  | (240 gold, have 72).
   541 | D:1      | 541 ||| SHOPLISTING scroll of enchant armour (75 gold, have
                  | 72).
   541 | D:1      | 541 ||| BUYING scroll of teleportation (30 gold).
   541 | D:1      | Bought a scroll of teleportation for 30 gold pieces
   649 | D:1      | Reached skill level 3 in Axes
   772 | D:1      | 772 ||| DROPPING ring of flight.
   773 | D:1      | 773 ||| READING scroll labelled QUEFUC DUOMURU.
   774 | D:1      | 774 ||| READING scroll labelled FAETAI SESH.
   775 | D:1      | 775 ||| DRINKING 2 metallic dark potions.
   794 | D:2      | 794 ||| STAIRDANCE
   800 | D:1      | Reached XP level 3. HP: 23/23 MP: 3/3
   887 | D:2      | Found a faded altar of an unknown god.
   937 | D:2      | Reached skill level 1 in Throwing
  1124 | D:2      | 1124 ||| Stepping ~*~*~tactically~*~*~ (stealth).
  1132 | D:2      | Reached XP level 4. HP: 28/28 MP: 4/4
  1438 | D:2      | 1438 ||| UPGRADING to ring of see invisible.
  1439 | D:2      | 1439 ||| UPGRADING to +4 ring of evasion.
  1440 | D:2      | 1440 ||| DRINKING 2 fizzy emerald potions.
  1440 | D:2      | Gained mutation: Your natural rate of healing is unusually
                  | fast. [potion of mutation]
  1440 | D:2      | Gained mutation: You have a beak for a mouth. [potion of
                  | mutation]
  1440 | D:2      | Lost mutation: Your natural rate of healing is unusually
                  | fast. [potion of mutation]
  1451 | D:3      | 1451 ||| STAIRDANCE
  1523 | D:3      | Noticed an air elemental
  1525 | D:3      | Found a stormy altar of Qazlal.
  1527 | D:3      | Noticed an earth elemental
  1544 | D:3      | Reached XP level 5. HP: 12/32 MP: 5/5
  1596 | D:3      | 1596 ||| Stepping ~*~*~tactically~*~*~ (stealth).
  1644 | D:3      | 1644 ||| Stepping ~*~*~tactically~*~*~ (stealth).
  1645 | D:3      | 1645 ||| Stepping ~*~*~tactically~*~*~ (stealth).
  1736 | D:3      | 1736 ||| DROPPING +0 whip.
  1995 | D:3      | 1995 ||| DROPPING +0 flail.
  2107 | D:3      | Noticed a fire elemental
  2110 | D:3      | Noticed a water elemental
  2150 | D:3      | 2150 ||| Stepping ~*~*~tactically~*~*~ (stealth).
  2151 | D:3      | 2151 ||| Stepping ~*~*~tactically~*~*~ (stealth).
  2155 | D:3      | 2155 ||| Stepping ~*~*~tactically~*~*~ (hiding).
  2167 | D:3      | Reached XP level 6. HP: 34/38 MP: 6/6
  2550 | D:3      | 2550 ||| READING scroll labelled URAHILUNK.
  2551 | D:3      | 2551 ||| READING scroll labelled WUAVVA RATHROA.
  2552 | D:3      | 2552 ||| DRINKING 2 green potions.
  2629 | D:4      | Reached skill level 4 in Fighting
  2767 | D:4      | Identified the amulet "Apirph" {Reflect MP+9 SH+5}
  2778 | D:4      | Noticed a black bear
  2789 | D:4      | Killed a black bear
  2790 | D:4      | Reached skill level 1 in Dodging
  2971 | D:4      | Found a sacrificial altar of Ru.
  2980 | D:4      | Noticed Ijyb
  2987 | D:4      | HP: 7/38 [disintegration (16)]
  2988 | D:4      | 2988 ||| READING 2 scrolls of teleportation.
  2989 | D:4      | 2989 ||| DRINKING potion of heal wounds.
  3241 | D:4      | 3241 ||| FLEEEEING.
  3248 | D:4      | 3248 ||| FLEEEEING.
  3249 | D:4      | 3249 ||| FLEEEEING.
  3250 | D:4      | 3250 ||| FLEEEEING.
  3251 | D:4      | 3251 ||| FLEEEEING.
  3252 | D:4      | 3252 ||| FLEEEEING.
  3253 | D:4      | 3253 ||| FLEEEEING.
  3254 | D:4      | 3254 ||| FLEEEEING.
  3255 | D:4      | 3255 ||| FLEEEEING.
  3260 | D:4      | 3260 ||| STAIRDANCE
  3363 | D:3      | 3363 ||| UPGRADING to amulet "Apirph" {Reflect MP+9 SH+5}.
  3433 | D:3      | 3433 ||| DRINKING 2 sedimented purple potions.
  3434 | D:3      | 3434 ||| READING 2 scrolls of identify.
  3434 | D:3      | 3434 ||| IDENTIFYING smoky blue potion
  3585 | D:4      | Killed Ijyb
  3866 | D:4      | Reached XP level 7. HP: 43/43 MP: 7/7
  3909 | D:5      | Entered Level 5 of the Dungeon
  3927 | D:5      | Found a staircase to the Ecumenical Temple.
  3928 | D:5      | 3928 ||| PLANNING TEMPLE
  3933 | Temple   | Entered the Ecumenical Temple
  3979 | Temple   | 3979 ||| PLANNING OKAWARU WORSHIP
  3990 | Temple   | Became a worshipper of Warmaster Okawaru
  3991 | Temple   | 3991 ||| PLANNING D:1-11
  4084 | D:5      | Reached skill level 6 in Axes
  4088 | D:5      | You fall into a shaft and drop 2 floors!
  4158 | D:7      | HP: 3/43 [orc priest/divine providence (14)]
  4159 | D:7      | 4159 ||| READING 2 scrolls of teleportation.
  4475 | D:7      | 4475 ||| UPGRADING to +0 pair of boots.
  4539 | D:6      | Noticed Blork the orc
  4546 | D:6      | Killed Blork the orc
  4546 | D:6      | Noticed Pikel
  4554 | D:6      | HP: 5/44 [ice beast (14)]
  4555 | D:6      | 4555 ||| READING scroll of teleportation.
  4763 | D:6      | 4763 ||| Stepping ~*~*~tactically~*~*~ (stealth).
  4782 | D:6      | Killed Pikel
  4782 | D:6      | Reached * piety under Okawaru
  4783 | D:6      | Reached skill level 7 in Fighting
  4783 | D:6      | Reached XP level 8. HP: 39/53 MP: 8/8
  4860 | D:6      | 4860 ||| DROPPING potion of brilliance.
  4898 | D:6      | Reached skill level 1 in Invocations
  4966 | D:6      | Noticed a two-headed ogre
  4967 | D:6      | 4967 ||| INVOKING Heroism.
  4974 | D:6      | Killed a two-headed ogre
  4974 | D:6      | Reached ** piety under Okawaru
  4975 | D:6      | Reached XP level 9. HP: 35/57 MP: 12/12
  5097 | D:6      | 5097 ||| INVOKING Heroism.
  5144 | D:6      | 5144 ||| FLEEEEING.
  5226 | D:6      | Noticed Edmund
  5227 | D:6      | 5227 ||| INVOKING Heroism.
  5245 | D:6      | 5245 ||| INVOKING Heroism.
  5247 | D:6      | Killed Edmund
  5257 | D:6      | Reached skill level 9 in Axes
  5314 | D:6      | 5314 ||| UPGRADING to +0 chain mail.
  5324 | D:6      | 5324 ||| DROPPING +0 scale mail.
  5325 | D:6      | 5325 ||| READING scroll labelled REURUO NUYMU.
  5326 | D:6      | 5326 ||| DRINKING 2 orange potions.
  5429 | D:5      | 5429 ||| Stepping ~*~*~tactically~*~*~ (stealth).
  5431 | D:5      | 5431 ||| Stepping ~*~*~tactically~*~*~ (stealth).
  5471 | D:5      | 5471 ||| Stepping ~*~*~tactically~*~*~ (stealth).
  5556 | D:5      | Identified the +7 flail of Luisuj {vorpal, rC- rN+ Str+6}
  5559 | D:5      | 5559 ||| READING scroll of enchant armour.
  5559 | D:5      | 5559 ||| ENCHANTING +0 pair of boots.
  5659 | D:5      | 5659 ||| Stepping ~*~*~tactically~*~*~ (hiding).
  5713 | D:5      | 5713 ||| Stepping ~*~*~tactically~*~*~ (stealth).
  5714 | D:5      | 5714 ||| Stepping ~*~*~tactically~*~*~ (stealth).
  5715 | D:5      | 5715 ||| Stepping ~*~*~tactically~*~*~ (stealth).
  5716 | D:5      | 5716 ||| INVOKING Heroism.
  5723 | D:5      | Reached *** piety under Okawaru
  6122 | D:5      | 6122 ||| READING scroll labelled ABBARE MAJUFU.
  6123 | D:5      | 6123 ||| READING 3 scrolls of identify.
  6123 | D:5      | 6123 ||| IDENTIFYING cyan potion
  6124 | D:5      | 6124 ||| READING 2 scrolls of identify.
  6124 | D:5      | 6124 ||| IDENTIFYING fizzy white potion
  6125 | D:5      | 6125 ||| DROPPING potion of degeneration.
  6195 | D:6      | 6195 ||| INVOKING Heroism.
  6262 | D:6      | Noticed Dowan
  6263 | D:6      | 6263 ||| INVOKING Heroism.
  6264 | D:6      | 6264 ||| Stepping ~*~*~tactically~*~*~ (hiding).
  6265 | D:6      | Noticed Duvessa
  6269 | D:6      | Killed Dowan
  6277 | D:6      | Killed Duvessa
  6278 | D:6      | Reached XP level 10. HP: 56/63 MP: 13/13
  6519 | D:6      | 6519 ||| Stepping ~*~*~tactically~*~*~ (stealth).
  6611 | D:7      | 6611 ||| INVOKING Heroism.
  6619 | D:7      | 6619 ||| Stepping ~*~*~tactically~*~*~ (stealth).
  6653 | D:7      | 6653 ||| Stepping ~*~*~tactically~*~*~ (hiding).
  6656 | D:7      | 6656 ||| INVOKING Heroism.
  6669 | D:7      | 6669 ||| Stepping ~*~*~tactically~*~*~ (cloud).
  6873 | D:7      | 6873 ||| Stepping ~*~*~tactically~*~*~ (hiding).
  6875 | D:7      | 6875 ||| Stepping ~*~*~tactically~*~*~ (hiding).
  6877 | D:7      | 6877 ||| Stepping ~*~*~tactically~*~*~ (hiding).
  7059 | D:7      | 7059 ||| FLEEEEING.
  7060 | D:7      | 7060 ||| FLEEEEING.
  7061 | D:7      | 7061 ||| FLEEEEING.
  7062 | D:7      | 7062 ||| FLEEEEING.
  7206 | D:7      | Found an ancient bone altar of Kikubaaqudgha.
  7213 | D:7      | Found Natzog's Assorted Antiques.
  7244 | D:7      | 7244 ||| BUYING 2 potions of lignification (204 gold).
  7244 | D:7      | Bought 2 potions of lignification for 204 gold pieces
  7244 | D:7      | 7244 ||| BUYING scroll labelled LINUSHR JENAMP (34 gold).
  7244 | D:7      | Bought a scroll labelled LINUSHR JENAMP for 34 gold pieces
  7244 | D:7      | 7244 ||| BUYING scroll labelled RELAAR NEUBA (34 gold).
  7244 | D:7      | Bought a scroll labelled RELAAR NEUBA for 34 gold pieces
  7244 | D:7      | 7244 ||| BUYING scroll labelled ZUMISIZYAG (34 gold).
  7244 | D:7      | Bought a scroll labelled ZUMISIZYAG for 34 gold pieces
  7244 | D:7      | 7244 ||| SHOPLISTING tiny citrine amulet (170 gold, have
                  | 137).
  7457 | D:7      | Reached skill level 8 in Fighting
  7614 | D:7      | 7614 ||| UPGRADING to +0 cloak.
  7619 | D:7      | 7619 ||| READING scroll labelled LINUSHR JENAMP.
  7620 | D:7      | 7620 ||| READING scroll labelled RELAAR NEUBA.
  7621 | D:7      | 7621 ||| READING scroll labelled ZUMISIZYAG.
  7622 | D:7      | 7622 ||| READING 4 scrolls of identify.
  7622 | D:7      | 7622 ||| IDENTIFYING amethyst potion
  7623 | D:7      | 7623 ||| READING 3 scrolls of identify.
  7623 | D:7      | 7623 ||| IDENTIFYING fizzy red potion
  7624 | D:7      | 7624 ||| READING 2 scrolls of identify.
  7624 | D:7      | 7624 ||| IDENTIFYING clear potion
  7625 | D:7      | 7625 ||| DROPPING potion of flight.
  7626 | D:7      | 7626 ||| DROPPING potion of berserk rage.
  8040 | D:8      | 8040 ||| Stepping ~*~*~tactically~*~*~ (stealth).
  8043 | D:8      | 8043 ||| INVOKING Heroism.
  8149 | D:8      | Found Tizymag's Magic Scroll Emporium.
  8153 | D:8      | 8153 ||| Stepping ~*~*~tactically~*~*~ (hiding).
  8154 | D:8      | 8154 ||| Stepping ~*~*~tactically~*~*~ (hiding).
  8161 | D:8      | 8161 ||| Stepping ~*~*~tactically~*~*~ (stealth).
  8163 | D:8      | 8163 ||| Stepping ~*~*~tactically~*~*~ (stealth).
  8164 | D:8      | 8164 ||| INVOKING Heroism.
  8186 | D:8      | 8186 ||| BUYING scroll of identify (32 gold).
  8186 | D:8      | Bought a scroll of identify for 32 gold pieces
  8186 | D:8      | 8186 ||| BUYING scroll of identify (32 gold).
  8186 | D:8      | Bought a scroll of identify for 32 gold pieces
  8336 | D:8      | Found an opulent altar of Gozag.
  8396 | D:8      | 8396 ||| Stepping ~*~*~tactically~*~*~ (hiding).
  8398 | D:8      | 8398 ||| Stepping ~*~*~tactically~*~*~ (hiding).
  8762 | D:8      | 8762 ||| INVOKING Heroism.
  8774 | D:8      | 8774 ||| READING scroll labelled IMAPOA UMUEC.
  8775 | D:8      | 8775 ||| READING 3 scrolls of identify.
  8775 | D:8      | 8775 ||| IDENTIFYING viscous silvery potion
  8776 | D:8      | 8776 ||| DROPPING potion of ambrosia.
  8821 | D:9      | Found Hacloi's Antique Weapon Emporium.
  8854 | D:9      | Found a white marble altar of Elyvilon.
  8878 | D:9      | 8878 ||| DRINKING 5 potions of curing.
  8878 | D:9      | 8878 ||| (to cure confusion)
  8879 | D:9      | Received a gift from Okawaru
  8880 | D:9      | Reached skill level 6 in Armour
  8912 | D:9      | Found a burning altar of Makhleb.
  8924 | D:9      | Found a hazy altar of Hepliaklqana.
  8925 | D:9      | Found a hide-covered altar of Uskayaw.
  9000 | D:9      | 9000 ||| Stepping ~*~*~tactically~*~*~ (stealth).
  9002 | D:9      | 9002 ||| INVOKING Heroism.
  9090 | D:9      | 9090 ||| Stepping ~*~*~tactically~*~*~ (stealth).
  9091 | D:9      | 9091 ||| Stepping ~*~*~tactically~*~*~ (stealth).
  9095 | D:9      | 9095 ||| INVOKING Heroism.
  9101 | D:9      | 9101 ||| Stepping ~*~*~tactically~*~*~ (stealth).
  9102 | D:9      | 9102 ||| Stepping ~*~*~tactically~*~*~ (stealth).
  9150 | D:9      | 9150 ||| INVOKING Heroism.
  9161 | D:9      | Reached **** piety under Okawaru
  9178 | D:9      | Found a staircase to the Lair.
  9202 | D:9      | 9202 ||| INVOKING Heroism.
  9208 | D:9      | Reached skill level 9 in Fighting
  9221 | D:9      | Found a transporter.
  9223 | D:9      | Noticed a two-headed ogre
  9223 | D:9      | Noticed a two-headed ogre
  9224 | D:9      | Noticed a two-headed ogre
  9224 | D:9      | Noticed qw's ghost (novice GrFi)
  9225 | D:9      | Found a transporter.
  9225 | D:9      | Noticed a two-headed ogre
  9316 | D:9      | 9316 ||| INVOKING Heroism.
  9467 | D:9      | Found a staircase to the Orcish Mines.
  9468 | D:9      | 9468 ||| Stepping ~*~*~tactically~*~*~ (stealth).
  9470 | D:9      | 9470 ||| INVOKING Heroism.
  9475 | D:9      | Reached XP level 11. HP: 62/71 MP: 14/14
  9867 | D:9      | 9867 ||| PLANNING LAIR
  9867 | D:9      | 9867 ||| UPGRADING to +0 plate armour.
  9877 | D:9      | 9877 ||| DROPPING +0 chain mail.
  9878 | D:9      | 9878 ||| UPGRADING to +8 plate armour of ponderousness.
  9888 | D:9      | 9888 ||| DROPPING +0 plate armour.
  9889 | D:9      | 9889 ||| READING scroll labelled SAUSTAR MEUS.
  9889 | D:9      | Identified a scroll of acquirement
  9889 | D:9      | 9889 ||| ACQUIRING ring of Kokecs {Drain rN+ rCorr Str+8
                  | SInv}
  9889 | D:9      | Acquired the ring of Kokecs {Drain rN+ rCorr Str+8 SInv}
  9891 | D:9      | 9891 ||| DROPPING +4 ring of protection.
  9892 | D:9      | 9892 ||| UPGRADING to ring of Kokecs {Drain rN+ rCorr Str+8
                  | SInv}.
  9894 | D:9      | 9894 ||| DROPPING ring of see invisible.
  9895 | D:9      | 9895 ||| READING scroll labelled TAES ASONTOPH.
  9937 | Lair:1   | Entered Level 1 of the Lair of Beasts
  9984 | Lair:1   | 9984 ||| Stepping ~*~*~tactically~*~*~ (stealth).
  9986 | Lair:1   | 9986 ||| INVOKING Heroism.
 10037 | Lair:1   | 10037 ||| Stepping ~*~*~tactically~*~*~ (stealth).
 10083 | Lair:1   | Reached skill level 6 in Invocations
 10101 | Lair:1   | 10101 ||| INVOKING Heroism.
 10132 | Lair:1   | 10132 ||| INVOKING Heroism.
 10182 | Lair:1   | 10182 ||| INVOKING Heroism.
 10317 | Lair:1   | 10317 ||| Stepping ~*~*~tactically~*~*~ (stealth).
 10318 | Lair:1   | 10318 ||| Stepping ~*~*~tactically~*~*~ (stealth).
 10364 | Lair:1   | 10364 ||| INVOKING Heroism.
 10513 | Lair:1   | 10513 ||| INVOKING Heroism.
 10649 | Lair:1   | 10649 ||| UPGRADING to +2 hat.
 10654 | Lair:1   | 10654 ||| READING scroll labelled AGIUQOMIGE.
 10713 | Lair:1   | 10713 ||| READING scroll labelled KYOHYO MEUTTU.
 10714 | Lair:1   | 10714 ||| READING 2 scrolls of identify.
 10714 | Lair:1   | 10714 ||| IDENTIFYING golden potion
 10715 | Lair:1   | 10715 ||| DROPPING potion of invisibility.
 10763 | Lair:2   | Noticed a death yak
 10764 | Lair:2   | 10764 ||| INVOKING Heroism.
 10765 | Lair:2   | Noticed a death yak
 10768 | Lair:2   | Noticed a death yak
 10777 | Lair:2   | Killed a death yak
 10781 | Lair:2   | Killed a death yak
 10781 | Lair:2   | Reached ***** piety under Okawaru
 10782 | Lair:2   | 10782 ||| INVOKING Finesse.
 10788 | Lair:2   | Killed a death yak
 10837 | Lair:2   | 10837 ||| Stepping ~*~*~tactically~*~*~ (hiding).
 11155 | Lair:2   | 11155 ||| Stepping ~*~*~tactically~*~*~ (stealth).
 11156 | Lair:2   | 11156 ||| INVOKING Heroism.
 11409 | Lair:2   | Noticed a seven-headed hydra
 11410 | Lair:2   | 11410 ||| INVOKING Heroism.
 11411 | Lair:2   | 11411 ||| INVOKING Finesse.
 11413 | Lair:2   | 11413 ||| SWAPPING to +0 morningstar of draining.
 11418 | Lair:2   | Killed a seven-headed hydra
 11419 | Lair:2   | Reached skill level 9 in Invocations
 11419 | Lair:2   | Reached XP level 12. HP: 72/76 MP: 18/18
 11419 | Lair:2   | 11419 ||| SWAPPING to +1 war axe of electrocution.
 11544 | Lair:2   | Reached skill level 12 in Axes
 11792 | Lair:2   | 11792 ||| INVOKING Heroism.
 11901 | Lair:2   | Found a staircase to the Shoals.
 11971 | Lair:2   | 11971 ||| UPGRADING to +0 pair of gloves.
 12012 | Lair:3   | 12012 ||| STAIRDANCE
 12338 | Lair:3   | Reached skill level 6 in Shields
 12446 | Lair:3   | Noticed Amaemon
 12447 | Lair:3   | 12447 ||| Stepping ~*~*~tactically~*~*~ (hiding).
 12451 | Lair:3   | 12451 ||| INVOKING Heroism.
 12473 | Lair:3   | 12473 ||| INVOKING Heroism.
 12474 | Lair:3   | Killed Amaemon
 12475 | Lair:3   | Reached skill level 9 in Armour
 12518 | Lair:3   | 12518 ||| DROPPING +0 morningstar of draining.
 12520 | Lair:3   | Found a staircase to the Snake Pit.
 12563 | Lair:3   | 12563 ||| READING scroll of enchant weapon.
 12563 | Lair:3   | 12563 ||| ENCHANTING +1 war axe of electrocution.
 12610 | Lair:3   | You fall into a shaft and drop 2 floors!
 12610 | Lair:5   | Entered Level 5 of the Lair of Beasts
 12611 | Lair:5   | 12611 ||| INVOKING Heroism.
 12632 | Lair:5   | Reached skill level 10 in Fighting
 12632 | Lair:5   | Received a gift from Okawaru
 12649 | Lair:5   | Noticed a four-headed hydra
 12650 | Lair:5   | 12650 ||| INVOKING Finesse.
 12655 | Lair:5   | Reached ****** piety under Okawaru
 12658 | Lair:5   | 12658 ||| SWAPPING to -2 demon whip of venom.
 12660 | Lair:5   | 12660 ||| Stepping ~*~*~tactically~*~*~ (outnumbered).
 12661 | Lair:5   | 12661 ||| Stepping ~*~*~tactically~*~*~ (outnumbered).
 12662 | Lair:5   | 12662 ||| Stepping ~*~*~tactically~*~*~ (outnumbered).
 12663 | Lair:5   | 12663 ||| Stepping ~*~*~tactically~*~*~ (outnumbered).
 12664 | Lair:5   | 12664 ||| Stepping ~*~*~tactically~*~*~ (outnumbered).
 12665 | Lair:5   | 12665 ||| Stepping ~*~*~tactically~*~*~ (outnumbered).
 12671 | Lair:5   | 12671 ||| Stepping ~*~*~tactically~*~*~ (outnumbered).
 12672 | Lair:5   | 12672 ||| Stepping ~*~*~tactically~*~*~ (outnumbered).
 12684 | Lair:5   | 12684 ||| Stepping ~*~*~tactically~*~*~ (stealth).
 12685 | Lair:5   | 12685 ||| Stepping ~*~*~tactically~*~*~ (outnumbered).
 12686 | Lair:5   | 12686 ||| Stepping ~*~*~tactically~*~*~ (outnumbered).
 12687 | Lair:5   | 12687 ||| Stepping ~*~*~tactically~*~*~ (outnumbered).
 12688 | Lair:5   | 12688 ||| Stepping ~*~*~tactically~*~*~ (outnumbered).
 12691 | Lair:5   | 12691 ||| INVOKING Heroism.
 12692 | Lair:5   | 12692 ||| Stepping ~*~*~tactically~*~*~ (outnumbered).
 12693 | Lair:5   | 12693 ||| Stepping ~*~*~tactically~*~*~ (outnumbered).
 12694 | Lair:5   | 12694 ||| Stepping ~*~*~tactically~*~*~ (outnumbered).
 12711 | Lair:5   | 12711 ||| SWAPPING to +2 war axe of electrocution.
 12713 | Lair:5   | 12713 ||| SWAPPING to -2 demon whip of venom.
 12722 | Lair:5   | Killed a four-headed hydra
 12722 | Lair:5   | Identified the +8 hand axe "Dragonbane" {pain, Str+4}
                  | (Okawaru gifted it to you on level 5 of the Lair of Beasts)
 12722 | Lair:5   | Received a gift from Okawaru
 12723 | Lair:5   | 12723 ||| SWAPPING to +2 war axe of electrocution.
 12732 | Lair:5   | Reached XP level 13. HP: 41/82 MP: 20/20
 12752 | Lair:5   | 12752 ||| INVOKING Heroism.
 12752 | Lair:5   | HP: 14/82 [elephant (12)]
 12753 | Lair:5   | 12753 ||| READING 3 scrolls of teleportation.
 12804 | Lair:5   | 12804 ||| INVOKING Heroism.
 12900 | Lair:5   | 12900 ||| INVOKING Heroism.
 12928 | Lair:5   | 12928 ||| INVOKING Heroism.
 13217 | Lair:4   | 13217 ||| Stepping ~*~*~tactically~*~*~ (stealth).
 13228 | Lair:4   | Received a gift from Okawaru
 13294 | Lair:4   | 13294 ||| INVOKING Heroism.
 13376 | Lair:4   | 13376 ||| Stepping ~*~*~tactically~*~*~ (stealth).
 13380 | Lair:4   | 13380 ||| Stepping ~*~*~tactically~*~*~ (stealth).
 13381 | Lair:4   | 13381 ||| Stepping ~*~*~tactically~*~*~ (stealth).
 13383 | Lair:4   | 13383 ||| INVOKING Heroism.
 13388 | Lair:4   | 13388 ||| Stepping ~*~*~tactically~*~*~ (stealth).
 13422 | Lair:4   | 13422 ||| Stepping ~*~*~tactically~*~*~ (stealth).
 13423 | Lair:4   | 13423 ||| Stepping ~*~*~tactically~*~*~ (stealth).
 13424 | Lair:4   | 13424 ||| Stepping ~*~*~tactically~*~*~ (stealth).
 13428 | Lair:4   | 13428 ||| Stepping ~*~*~tactically~*~*~ (stealth).
 13429 | Lair:4   | 13429 ||| INVOKING Heroism.
 13523 | Lair:4   | 13523 ||| Stepping ~*~*~tactically~*~*~ (stealth).
 13527 | Lair:4   | 13527 ||| Stepping ~*~*~tactically~*~*~ (stealth).
 13605 | Lair:3   | 13605 ||| INVOKING Heroism.
 13854 | Lair:3   | 13854 ||| INVOKING Heroism.
 13868 | Lair:3   | 13868 ||| DROPPING amulet of the acrobat.
 13894 | Lair:4   | 13894 ||| INVOKING Heroism.
 13895 | Lair:4   | 13895 ||| Stepping ~*~*~tactically~*~*~ (stealth).
 13916 | Lair:4   | 13916 ||| SWAPPING to -2 demon whip of venom.
 13917 | Lair:4   | 13917 ||| INVOKING Finesse.
 13923 | Lair:4   | Reached skill level 11 in Fighting
 13923 | Lair:4   | 13923 ||| SWAPPING to +2 war axe of electrocution.
 14400 | Lair:4   | Identified the amulet "Wemmut" {Acrobat Will++ Str-5 SInv}
 14523 | Lair:4   | Found a viscous altar of Jiyva.
 14523 | Lair:4   | Found a staircase to the Slime Pits.
 14708 | Lair:4   | 14708 ||| INVOKING Heroism.
 14709 | Lair:4   | 14709 ||| INVOKING Finesse.
 14780 | Lair:4   | 14780 ||| INVOKING Heroism.
 14781 | Lair:4   | 14781 ||| INVOKING Finesse.
 14782 | Lair:4   | 14782 ||| INVOKING Finesse.
 14792 | Lair:4   | Reached skill level 3 in Throwing
 15637 | Lair:5   | 15637 ||| INVOKING Heroism.
 15720 | Lair:5   | 15720 ||| INVOKING Heroism.
 15721 | Lair:5   | 15721 ||| INVOKING Finesse.
 15743 | Lair:5   | Received a gift from Okawaru
 15771 | Lair:5   | 15771 ||| Stepping ~*~*~tactically~*~*~ (hiding).
 15776 | Lair:5   | 15776 ||| INVOKING Finesse.
 15779 | Lair:5   | 15779 ||| INVOKING Heroism.
 15856 | Lair:5   | Identified the +4 rapier of Zin's Regard {vorpal, rCorr}
 15863 | Lair:5   | 15863 ||| DROPPING +1 antimagic war axe.
 15874 | Lair:5   | 15874 ||| Stepping ~*~*~tactically~*~*~ (stealth).
 15881 | Lair:5   | 15881 ||| Stepping ~*~*~tactically~*~*~ (stealth).
 15987 | Lair:5   | 15987 ||| PLANNING D:1-11
 16110 | D:10     | Entered Level 10 of the Dungeon
 16328 | D:10     | 16328 ||| INVOKING Heroism.
 16390 | D:10     | 16390 ||| FLEEEEING.
 16391 | D:10     | 16391 ||| FLEEEEING.
 16392 | D:10     | 16392 ||| FLEEEEING.
 16393 | D:10     | 16393 ||| INVOKING Heroism.
 16400 | D:10     | 16400 ||| Stepping ~*~*~tactically~*~*~ (hiding).
 16402 | D:10     | 16402 ||| Stepping ~*~*~tactically~*~*~ (hiding).
 16419 | D:10     | Reached skill level 15 in Axes
 16419 | D:10     | Gained mutation: Your large and strong wings let you fly.
                  | [Gargoyle growth]
 16419 | D:10     | Reached XP level 14. HP: 90/90 MP: 21/21
 16429 | D:10     | 16429 ||| Stepping ~*~*~tactically~*~*~ (stealth).
 16442 | D:10     | 16442 ||| Stepping ~*~*~tactically~*~*~ (stealth).
 16472 | D:10     | 16472 ||| Stepping ~*~*~tactically~*~*~ (stealth).
 16474 | D:10     | 16474 ||| Stepping ~*~*~tactically~*~*~ (stealth).
 16476 | D:10     | 16476 ||| Stepping ~*~*~tactically~*~*~ (stealth).
 16711 | D:10     | 16711 ||| READING scroll of brand weapon.
 16711 | D:10     | 16711 ||| BRANDING +2 war axe of electrocution.
 16899 | D:11     | Received a gift from Okawaru
 16906 | D:11     | 16906 ||| INVOKING Heroism.
 16907 | D:11     | 16907 ||| INVOKING Finesse.
 17150 | D:11     | 17150 ||| Stepping ~*~*~tactically~*~*~ (hiding).
 17151 | D:11     | 17151 ||| Stepping ~*~*~tactically~*~*~ (hiding).
 17320 | D:11     | 17320 ||| INVOKING Heroism.
 17505 | D:11     | 17505 ||| Stepping ~*~*~tactically~*~*~ (stealth).
 17506 | D:11     | 17506 ||| Stepping ~*~*~tactically~*~*~ (stealth).
 17519 | D:11     | 17519 ||| INVOKING Heroism.
 17520 | D:11     | 17520 ||| INVOKING Finesse.
 17522 | D:11     | 17522 ||| Stepping ~*~*~tactically~*~*~ (stealth).
 17539 | D:11     | 17539 ||| Stepping ~*~*~tactically~*~*~ (stealth).
 17546 | D:11     | 17546 ||| Stepping ~*~*~tactically~*~*~ (stealth).
 17547 | D:11     | 17547 ||| Stepping ~*~*~tactically~*~*~ (stealth).
 17548 | D:11     | 17548 ||| Stepping ~*~*~tactically~*~*~ (stealth).
 17594 | D:11     | 17594 ||| Stepping ~*~*~tactically~*~*~ (stealth).
 17638 | D:11     | Reached skill level 3 in Dodging
 17774 | D:11     | 17774 ||| Stepping ~*~*~tactically~*~*~ (stealth).
 17777 | D:11     | 17777 ||| INVOKING Heroism.
 17929 | D:11     | Found a radiant altar of Vehumet.
 17979 | D:11     | 17979 ||| PLANNING D
 17979 | D:11     | 17979 ||| DROPPING +6 ring of intelligence.
 17980 | D:11     | 17980 ||| READING scroll labelled ZONENNIPRI.
 18140 | D:12     | 18140 ||| INVOKING Heroism.
 18445 | D:12     | 18445 ||| Stepping ~*~*~tactically~*~*~ (stealth).
 18446 | D:12     | 18446 ||| Stepping ~*~*~tactically~*~*~ (stealth).
 18450 | D:12     | 18450 ||| Stepping ~*~*~tactically~*~*~ (hiding).
 18451 | D:12     | 18451 ||| Stepping ~*~*~tactically~*~*~ (hiding).
 18453 | D:12     | 18453 ||| Stepping ~*~*~tactically~*~*~ (hiding).
 18454 | D:12     | 18454 ||| Stepping ~*~*~tactically~*~*~ (hiding).
 18457 | D:12     | 18457 ||| INVOKING Heroism.
 18471 | D:12     | Received a gift from Okawaru
 18505 | D:12     | 18505 ||| FLEEEEING.
 18581 | D:12     | 18581 ||| SWAPPING to +2 broad axe of flaming.
 18582 | D:12     | 18582 ||| DROPPING -2 demon whip of venom.
 18583 | D:12     | 18583 ||| DROPPING +2 war axe of freezing.
 18760 | D:12     | 18760 ||| INVOKING Heroism.
 18761 | D:12     | 18761 ||| INVOKING Finesse.
 18831 | D:12     | Reached skill level 12 in Fighting
 18865 | D:12     | 18865 ||| Stepping ~*~*~tactically~*~*~ (hiding).
 19349 | D:13     | 19349 ||| INVOKING Heroism.
 19350 | D:13     | 19350 ||| INVOKING Finesse.
 19405 | D:13     | 19405 ||| DROPPING +1 vorpal war axe.
 19414 | D:13     | 19414 ||| READING 3 scrolls of enchant weapon.
 19414 | D:13     | 19414 ||| ENCHANTING +2 broad axe of flaming.
 19415 | D:13     | 19415 ||| READING 2 scrolls of enchant weapon.
 19415 | D:13     | 19415 ||| ENCHANTING +3 broad axe of flaming.
 19416 | D:13     | 19416 ||| READING scroll of enchant weapon.
 19416 | D:13     | 19416 ||| ENCHANTING +4 broad axe of flaming.
 19541 | D:13     | Found a one-way gate to the infinite horrors of the Abyss.
 19541 | D:13     | Noticed Deukiw's ghost (journeyman SpEn)
 19641 | D:13     | Found a transporter.
 19646 | D:13     | Found a transporter.
 19648 | D:13     | Noticed a starcursed mass
 19713 | D:13     | 19713 ||| INVOKING Heroism.
 19800 | D:13     | 19800 ||| Stepping ~*~*~tactically~*~*~ (hiding).
 19899 | D:13     | 19899 ||| READING scroll of brand weapon.
 19899 | D:13     | 19899 ||| BRANDING +5 broad axe of flaming.
 20057 | D:13     | 20057 ||| READING 10 scrolls of identify.
 20057 | D:13     | 20057 ||| IDENTIFYING metallic silvery potion
 20094 | D:14     | 20094 ||| STAIRDANCE
 20096 | D:13     | 20096 ||| INVOKING Heroism.
 20097 | D:13     | 20097 ||| INVOKING Finesse.
 20256 | D:14     | Found a gate to the Vaults.
 20257 | D:14     | 20257 ||| INVOKING Heroism.
 20263 | D:14     | 20263 ||| Stepping ~*~*~tactically~*~*~ (hiding).
 20267 | D:14     | Received a gift from Okawaru
 20279 | D:14     | HP: 17/92 [vault guard/+3 great mace of holy wrath (13)]
 20280 | D:14     | 20280 ||| READING 3 scrolls of teleportation.
 20281 | D:14     | 20281 ||| DRINKING 3 potions of heal wounds.
 20283 | D:14     | 20283 ||| DRINKING 2 potions of heal wounds.
 20287 | D:14     | 20287 ||| INVOKING Heroism.
 20560 | D:14     | 20560 ||| READING 2 scrolls of teleportation.
 20564 | D:14     | 20564 ||| INVOKING Heroism.
 20614 | D:14     | Reached XP level 15. HP: 90/96 MP: 22/22
 20668 | D:14     | 20668 ||| Stepping ~*~*~tactically~*~*~ (hiding).
 20678 | D:14     | Received a gift from Okawaru
 20679 | D:14     | 20679 ||| Stepping ~*~*~tactically~*~*~ (stealth).
 20789 | D:14     | Noticed Snorg
 20790 | D:14     | 20790 ||| INVOKING Finesse.
 20796 | D:14     | Killed Snorg
 20921 | D:14     | 20921 ||| Stepping ~*~*~tactically~*~*~ (hiding).
 20973 | D:14     | 20973 ||| Stepping ~*~*~tactically~*~*~ (hiding).
 21031 | D:14     | 21031 ||| Stepping ~*~*~tactically~*~*~ (stealth).
 21032 | D:14     | 21032 ||| Stepping ~*~*~tactically~*~*~ (stealth).
 21038 | D:14     | 21038 ||| Stepping ~*~*~tactically~*~*~ (stealth).
 21039 | D:14     | 21039 ||| Stepping ~*~*~tactically~*~*~ (stealth).
 21040 | D:14     | 21040 ||| Stepping ~*~*~tactically~*~*~ (stealth).
 21041 | D:14     | 21041 ||| Stepping ~*~*~tactically~*~*~ (stealth).
 21190 | D:14     | 21190 ||| Stepping ~*~*~tactically~*~*~ (stealth).
 21427 | D:14     | 21427 ||| Stepping ~*~*~tactically~*~*~ (stealth).
 21525 | D:14     | Found an ancient bone altar of Kikubaaqudgha.
 21586 | D:14     | 21586 ||| READING 3 scrolls labelled NECVOR ZUSEEME.
 21587 | D:14     | 21587 ||| DROPPING 2 scrolls of immolation.
 21610 | D:15     | Entered Level 15 of the Dungeon
 21623 | D:15     | 21623 ||| Stepping ~*~*~tactically~*~*~ (hiding).
 21805 | D:15     | Found a shadowy altar of Dithmenos.
 21811 | D:15     | 21811 ||| FLEEEEING.
 21812 | D:15     | 21812 ||| FLEEEEING.
 21813 | D:15     | 21813 ||| FLEEEEING.
 21814 | D:15     | 21814 ||| FLEEEEING.
 21818 | D:15     | 21818 ||| Stepping ~*~*~tactically~*~*~ (hiding).
 22062 | D:15     | 22062 ||| INVOKING Heroism.
 22123 | D:15     | 22123 ||| READING scroll of enchant weapon.
 22123 | D:15     | 22123 ||| ENCHANTING +5 vorpal broad axe.
 22261 | D:15     | 22261 ||| INVOKING Heroism.
 22284 | D:15     | Reached skill level 13 in Fighting
 22458 | D:15     | Found a staircase to the Depths.
 22708 | D:15     | 22708 ||| PLANNING ORC
 22708 | D:15     | 22708 ||| DROPPING amulet of faith.
 22895 | Orc:1    | Entered Level 1 of the Orcish Mines
 22895 | Orc:1    | Noticed Jorgrun
 22896 | Orc:1    | 22896 ||| INVOKING Heroism.
 22897 | Orc:1    | 22897 ||| INVOKING Finesse.
 22915 | Orc:1    | HP: 21/98 [orc priest/divine providence (14)]
 22916 | Orc:1    | 22916 ||| READING 2 scrolls of teleportation.
 22916 | Orc:1    | HP: 8/98 [orc priest/divine providence (11)]
 22917 | Orc:1    | 22917 ||| DRINKING potion of heal wounds.
 22921 | Orc:1    | 22921 ||| READING scroll of teleportation.
 22924 | Orc:1    | HP: 10/98 [Jorgrun/blast of rock fragments (10)]
 22929 | Orc:1    | 22929 ||| INVOKING Heroism.
 22935 | Orc:1    | Killed Jorgrun
 22971 | Orc:1    | 22971 ||| INVOKING Heroism.
 22979 | Orc:1    | HP: 20/98 [orc priest/nerve-wracking pain (3)]
 23400 | Orc:1    | 23400 ||| Stepping ~*~*~tactically~*~*~ (stealth).
 23418 | Orc:1    | 23418 ||| INVOKING Heroism.
 23556 | Orc:2    | Entered Level 2 of the Orcish Mines
 23557 | Orc:2    | 23557 ||| INVOKING Heroism.
 23558 | Orc:2    | 23558 ||| STAIRDANCE
 23602 | Orc:2    | 23602 ||| INVOKING Heroism.
 23612 | Orc:2    | Identified the +2 hat of the Arcane {Regen+ Str+3 Dex+3}
                  | (Okawaru gifted it to you on level 2 of the Orcish Mines)
 23612 | Orc:2    | Received a gift from Okawaru
 23615 | Orc:2    | Reached skill level 12 in Armour
 23660 | Orc:2    | 23660 ||| FLEEEEING.
 23661 | Orc:2    | 23661 ||| STAIRDANCE
 23793 | Orc:2    | 23793 ||| Stepping ~*~*~tactically~*~*~ (stealth).
 23810 | Orc:2    | 23810 ||| Stepping ~*~*~tactically~*~*~ (hiding).
 23811 | Orc:2    | 23811 ||| Stepping ~*~*~tactically~*~*~ (hiding).
 23812 | Orc:2    | 23812 ||| INVOKING Heroism.
 23872 | Orc:2    | 23872 ||| INVOKING Heroism.
 23980 | Orc:2    | 23980 ||| Stepping ~*~*~tactically~*~*~ (stealth).
 23981 | Orc:2    | 23981 ||| Stepping ~*~*~tactically~*~*~ (stealth).
 24068 | Orc:2    | 24068 ||| INVOKING Heroism.
 24092 | Orc:2    | 24092 ||| Stepping ~*~*~tactically~*~*~ (hiding).
 24095 | Orc:2    | 24095 ||| Stepping ~*~*~tactically~*~*~ (hiding).
 24096 | Orc:2    | 24096 ||| Stepping ~*~*~tactically~*~*~ (hiding).
 24206 | Orc:2    | 24206 ||| Stepping ~*~*~tactically~*~*~ (hiding).
 24314 | Orc:2    | 24314 ||| INVOKING Heroism.
 24326 | Orc:2    | 24326 ||| INVOKING Finesse.
 24337 | Orc:2    | Noticed an orc warlord
 24351 | Orc:2    | Killed an orc warlord
 24440 | Orc:2    | 24440 ||| INVOKING Heroism.
 24570 | Orc:2    | 24570 ||| Stepping ~*~*~tactically~*~*~ (stealth).
 24573 | Orc:2    | 24573 ||| INVOKING Heroism.
 24586 | Orc:2    | Found Cuseohye's Armour Shoppe.
 24630 | Orc:2    | Found Pesot's Jewellery Boutique.
 24631 | Orc:2    | 24631 ||| INVOKING Heroism.
 24731 | Orc:2    | 24731 ||| BUYING ring of fire (350 gold).
 24731 | Orc:2    | Bought a ring of fire for 350 gold pieces
 24758 | Orc:2    | 24758 ||| INVOKING Heroism.
 24766 | Orc:2    | Reached skill level 6 in Throwing
 25124 | Orc:2    | 25124 ||| Stepping ~*~*~tactically~*~*~ (stealth).
 25125 | Orc:2    | 25125 ||| Stepping ~*~*~tactically~*~*~ (stealth).
 25126 | Orc:2    | 25126 ||| Stepping ~*~*~tactically~*~*~ (stealth).
 25131 | Orc:2    | 25131 ||| Stepping ~*~*~tactically~*~*~ (hiding).
 25135 | Orc:2    | 25135 ||| INVOKING Heroism.
 25185 | Orc:2    | 25185 ||| INVOKING Heroism.
 25290 | Orc:2    | 25290 ||| Stepping ~*~*~tactically~*~*~ (hiding).
 25292 | Orc:2    | 25292 ||| Stepping ~*~*~tactically~*~*~ (hiding).
 25305 | Orc:2    | 25305 ||| Stepping ~*~*~tactically~*~*~ (stealth).
 25318 | Orc:2    | 25318 ||| DROPPING +2 vorpal flail.
 25326 | Orc:2    | 25326 ||| Stepping ~*~*~tactically~*~*~ (stealth).
 25327 | Orc:2    | 25327 ||| Stepping ~*~*~tactically~*~*~ (stealth).
 25329 | Orc:2    | 25329 ||| Stepping ~*~*~tactically~*~*~ (hiding).
 25394 | Orc:2    | Found a staircase to the Elven Halls.
 25446 | Orc:2    | 25446 ||| INVOKING Heroism.
 25533 | Orc:2    | 25533 ||| FLEEEEING.
 25534 | Orc:2    | 25534 ||| FLEEEEING.
 25535 | Orc:2    | 25535 ||| FLEEEEING.
 25536 | Orc:2    | 25536 ||| FLEEEEING.
 25537 | Orc:2    | 25537 ||| FLEEEEING.
 25538 | Orc:2    | 25538 ||| FLEEEEING.
 25539 | Orc:2    | 25539 ||| FLEEEEING.
 25542 | Orc:2    | 25542 ||| FLEEEEING.
 25543 | Orc:2    | 25543 ||| FLEEEEING.
 25544 | Orc:2    | 25544 ||| FLEEEEING.
 25545 | Orc:2    | 25545 ||| FLEEEEING.
 25546 | Orc:2    | 25546 ||| FLEEEEING.
 25547 | Orc:2    | 25547 ||| FLEEEEING.
 25548 | Orc:2    | 25548 ||| FLEEEEING.
 25549 | Orc:2    | 25549 ||| FLEEEEING.
 25550 | Orc:2    | 25550 ||| STAIRDANCE
 25652 | Orc:1    | 25652 ||| UPGRADING to +2 hat of the Arcane {Regen+ Str+3
                  | Dex+3}.
 25662 | Orc:1    | 25662 ||| DROPPING +2 hat.
 25663 | Orc:1    | 25663 ||| DROPPING +1 hat.
 25666 | Orc:2    | 25666 ||| STAIRDANCE
 25916 | Orc:2    | 25916 ||| INVOKING Heroism.
 25953 | Orc:2    | Found Sohuo's Assorted Antiques.
 25954 | Orc:2    | 25954 ||| INVOKING Heroism.
 25968 | Orc:2    | 25968 ||| BUYING embroidered cloak (150 gold).
 25968 | Orc:2    | Bought an embroidered cloak for 150 gold pieces
 25968 | Orc:2    | 25968 ||| BUYING scroll of teleportation (60 gold).
 25968 | Orc:2    | Bought a scroll of teleportation for 60 gold pieces
 25975 | Orc:2    | Found Onawni's Magic Scroll Shoppe.
 25986 | Orc:2    | 25986 ||| BUYING scroll of teleportation (51 gold).
 25986 | Orc:2    | Bought a scroll of teleportation for 51 gold pieces
 26043 | Orc:2    | 26043 ||| UPGRADING to +2 cloak.
 26053 | Orc:2    | 26053 ||| DROPPING +0 cloak.
 26090 | Orc:1    | 26090 ||| INVOKING Heroism.
 26105 | Orc:1    | Reached XP level 16. HP: 104/104 MP: 23/23
 26173 | Orc:1    | 26173 ||| PLANNING SHOALS:1-3
 26317 | Shoals:1 | Entered Level 1 of the Shoals
 26357 | Shoals:1 | 26357 ||| Stepping ~*~*~tactically~*~*~ (hiding).
 26358 | Shoals:1 | 26358 ||| INVOKING Heroism.
 26424 | Shoals:1 | 26424 ||| INVOKING Heroism.
 26483 | Shoals:1 | 26483 ||| INVOKING Heroism.
 26510 | Shoals:1 | 26510 ||| Stepping ~*~*~tactically~*~*~ (stealth).
 26539 | Shoals:1 | 26539 ||| Stepping ~*~*~tactically~*~*~ (hiding).
 26545 | Shoals:1 | Reached skill level 18 in Axes
 26719 | Shoals:1 | Noticed a kraken
 26720 | Shoals:1 | 26720 ||| INVOKING Heroism.
 26726 | Shoals:1 | Killed a kraken
 27036 | Shoals:1 | Reached skill level 9 in Shields
 27147 | Shoals:1 | 27147 ||| INVOKING Heroism.
 27161 | Shoals:1 | 27161 ||| INVOKING Finesse.
 27171 | Shoals:1 | HP: 18/104 [merfolk javelineer/javelin (21)]
 27172 | Shoals:1 | 27172 ||| READING 4 scrolls of teleportation.
 27344 | Shoals:1 | 27344 ||| INVOKING Heroism.
 27353 | Shoals:1 | 27353 ||| INVOKING Finesse.
 27415 | Shoals:1 | 27415 ||| DROPPING orb of mayhem.
 27465 | Shoals:2 | 27465 ||| Stepping ~*~*~tactically~*~*~ (hiding).
 27467 | Shoals:2 | 27467 ||| INVOKING Heroism.
 27469 | Shoals:2 | 27469 ||| STAIRDANCE
 27489 | Shoals:2 | 27489 ||| STAIRDANCE
 27516 | Shoals:2 | 27516 ||| INVOKING Heroism.
 27524 | Shoals:2 | Reached skill level 14 in Fighting
 27566 | Shoals:2 | 27566 ||| Stepping ~*~*~tactically~*~*~ (hiding).
 27567 | Shoals:2 | 27567 ||| Stepping ~*~*~tactically~*~*~ (hiding).
 27568 | Shoals:2 | 27568 ||| Stepping ~*~*~tactically~*~*~ (hiding).
 27569 | Shoals:2 | 27569 ||| Stepping ~*~*~tactically~*~*~ (hiding).
 27570 | Shoals:2 | 27570 ||| Stepping ~*~*~tactically~*~*~ (hiding).
 27571 | Shoals:2 | 27571 ||| Stepping ~*~*~tactically~*~*~ (hiding).
 27572 | Shoals:2 | 27572 ||| Stepping ~*~*~tactically~*~*~ (hiding).
 27577 | Shoals:2 | Received a gift from Okawaru
 27577 | Shoals:2 | Found the +8 orange crystal plate armour {Archmagi, Int+3
                  | Clar}
 27674 | Shoals:2 | Noticed a kraken
 27676 | Shoals:2 | 27676 ||| INVOKING Heroism.
 27681 | Shoals:2 | Killed a kraken
 27849 | Shoals:2 | 27849 ||| FLEEEEING.
 27932 | Shoals:2 | 27932 ||| INVOKING Heroism.
 27967 | Shoals:2 | 27967 ||| Stepping ~*~*~tactically~*~*~ (stealth).
 27988 | Shoals:2 | 27988 ||| Stepping ~*~*~tactically~*~*~ (stealth).
 28085 | Shoals:2 | 28085 ||| INVOKING Heroism.
 28087 | Shoals:2 | Noticed Ilsuiw
 28088 | Shoals:2 | 28088 ||| INVOKING Finesse.
 28101 | Shoals:2 | Killed Ilsuiw
 28186 | Shoals:2 | Reached skill level 15 in Fighting
 28404 | Shoals:2 | 28404 ||| UPGRADING to +8 orange crystal plate armour
                  | {Archmagi, Int+3 Clar}.
 28414 | Shoals:2 | 28414 ||| DROPPING +8 plate armour of ponderousness.
 28451 | Shoals:3 | Found Ekaw's Antique Armour Shop.
 28452 | Shoals:3 | 28452 ||| INVOKING Heroism.
 28469 | Shoals:3 | Received a gift from Okawaru
 28477 | Shoals:3 | 28477 ||| BUYING pair of glowing boots (232 gold).
 28477 | Shoals:3 | Bought a pair of glowing boots for 232 gold pieces
 28477 | Shoals:3 | 28477 ||| BUYING runed cloak (232 gold).
 28477 | Shoals:3 | Bought a runed cloak for 232 gold pieces
 28551 | Shoals:3 | 28551 ||| Stepping ~*~*~tactically~*~*~ (hiding).
 28706 | Shoals:3 | Found Daloifokum's General Store.
 28729 | Shoals:3 | Found Geto's Weapon Shoppe.
 28752 | Shoals:3 | Found Xagi's Antique Armour Emporium.
 28757 | Shoals:3 | 28757 ||| BUYING pair of embroidered gloves (262 gold).
 28757 | Shoals:3 | Bought a pair of embroidered gloves for 262 gold pieces
 28757 | Shoals:3 | 28757 ||| BUYING runed orb (420 gold).
 28757 | Shoals:3 | Bought a runed orb for 420 gold pieces
 28757 | Shoals:3 | 28757 ||| BUYING runed scarf (280 gold).
 28757 | Shoals:3 | Bought a runed scarf for 280 gold pieces
 28828 | Shoals:3 | 28828 ||| INVOKING Heroism.
 28909 | Shoals:3 | Found Duwnohef's General Store.
 28921 | Shoals:3 | 28921 ||| SHOPLISTING scroll of teleportation (51 gold,
                  | have 28).
 29227 | Shoals:3 | 29227 ||| PLANNING SNAKE:1-3
 29227 | Shoals:3 | 29227 ||| DROPPING +1 pair of boots.
 29228 | Shoals:3 | 29228 ||| DROPPING +2 cloak.
 29229 | Shoals:3 | 29229 ||| UPGRADING to +1 pair of gloves of hurling.
 29239 | Shoals:3 | 29239 ||| DROPPING +0 pair of gloves.
 29240 | Shoals:3 | 29240 ||| DROPPING orb of mayhem.
 29241 | Shoals:3 | 29241 ||| UPGRADING to scarf of resistance.
 29428 | Snake:1  | Entered Level 1 of the Snake Pit
 29428 | Snake:1  | Identified Roxanne's Almanac of Grit
 29428 | Snake:1  | Noticed Roxanne
 29429 | Snake:1  | 29429 ||| INVOKING Heroism.
 29430 | Snake:1  | 29430 ||| INVOKING Finesse.
 29440 | Snake:1  | Reached XP level 17. HP: 113/113 MP: 24/24
 29445 | Snake:1  | 29445 ||| INVOKING Heroism.
 29456 | Snake:1  | Killed Roxanne
 29511 | Snake:1  | 29511 ||| INVOKING Heroism.
 29512 | Snake:1  | Identified the +5 broad axe of Havoc {elec, *Corrode rN+
                  | Str+2 Int+3} (Okawaru gifted it to you on level 1 of the
                  | Snake Pit)
 29512 | Snake:1  | Received a gift from Okawaru
 29528 | Snake:1  | 29528 ||| SWAPPING to +5 broad axe of Havoc {elec, *Corrode
                  | rN+ Str+2 Int+3}.
 29529 | Snake:1  | 29529 ||| DROPPING +6 vorpal broad axe.
 29594 | Snake:1  | 29594 ||| Stepping ~*~*~tactically~*~*~ (hiding).
 29639 | Snake:1  | 29639 ||| INVOKING Heroism.
 29667 | Snake:1  | Found a bloodstained altar of Trog.
 29701 | Snake:1  | 29701 ||| Stepping ~*~*~tactically~*~*~ (hiding).
 29724 | Snake:1  | 29724 ||| Stepping ~*~*~tactically~*~*~ (hiding).
 29799 | Snake:1  | 29799 ||| Stepping ~*~*~tactically~*~*~ (stealth).
 29800 | Snake:1  | 29800 ||| Stepping ~*~*~tactically~*~*~ (stealth).
 29817 | Snake:1  | 29817 ||| INVOKING Heroism.
 30249 | Snake:1  | 30249 ||| UPGRADING to +1 kite shield of protection.
 30259 | Snake:1  | 30259 ||| DROPPING +0 buckler.
 30278 | Snake:2  | 30278 ||| STAIRDANCE
 30287 | Snake:2  | 30287 ||| STAIRDANCE
 30294 | Snake:2  | 30294 ||| STAIRDANCE
 30336 | Snake:2  | 30336 ||| Stepping ~*~*~tactically~*~*~ (hiding).
 30418 | Snake:2  | 30418 ||| Stepping ~*~*~tactically~*~*~ (hiding).
 30421 | Snake:2  | 30421 ||| INVOKING Heroism.
 30454 | Snake:2  | Noticed Louise
 30455 | Snake:2  | 30455 ||| Stepping ~*~*~tactically~*~*~ (hiding).
 30456 | Snake:2  | 30456 ||| Stepping ~*~*~tactically~*~*~ (hiding).
 30460 | Snake:2  | 30460 ||| Stepping ~*~*~tactically~*~*~ (hiding).
 30461 | Snake:2  | 30461 ||| Stepping ~*~*~tactically~*~*~ (hiding).
 30470 | Snake:2  | 30470 ||| Stepping ~*~*~tactically~*~*~ (hiding).
 30476 | Snake:2  | Killed Louise
 30590 | Snake:2  | Received a gift from Okawaru
 30595 | Snake:2  | 30595 ||| INVOKING Heroism.
 30641 | Snake:2  | You are sucked into a shaft and drop 1 floor!
 30648 | Snake:3  | Found a runed translucent door.
 30649 | Snake:3  | Noticed TuffENuff's ghost (adept FoFi)
 30666 | Snake:3  | 30666 ||| INVOKING Heroism.
 30685 | Snake:3  | 30685 ||| UPGRADING to +0 tower shield.
 30695 | Snake:3  | 30695 ||| DROPPING +1 kite shield of protection.
 30772 | Snake:2  | 30772 ||| INVOKING Heroism.
 30812 | Snake:2  | Reached skill level 12 in Shields
 30926 | Snake:2  | 30926 ||| Stepping ~*~*~tactically~*~*~ (hiding).
 30927 | Snake:2  | 30927 ||| Stepping ~*~*~tactically~*~*~ (hiding).
 30932 | Snake:2  | Identified the +6 plate armour of Tomorrow {Contam rElec
                  | Str+3 SInv} (Okawaru gifted it to you on level 2 of the
                  | Snake Pit)
 30932 | Snake:2  | Received a gift from Okawaru
 31046 | Snake:2  | 31046 ||| DROPPING +1 pair of gloves.
 31068 | Snake:3  | 31068 ||| INVOKING Heroism.
 31179 | Snake:3  | Found Astefa Ovou's Book Shop.
 31185 | Snake:3  | 31185 ||| Stepping ~*~*~tactically~*~*~ (hiding).
 31186 | Snake:3  | 31186 ||| Stepping ~*~*~tactically~*~*~ (hiding).
 31309 | Snake:3  | 31309 ||| INVOKING Heroism.
 31367 | Snake:3  | 31367 ||| INVOKING Heroism.
 31810 | Snake:3  | 31810 ||| INVOKING Heroism.
 31953 | Snake:3  | 31953 ||| DROPPING amulet of reflection.
 31986 | Snake:4  | Entered Level 4 of the Snake Pit
 31997 | Snake:4  | 31997 ||| Stepping ~*~*~tactically~*~*~ (hiding).
 32003 | Snake:4  | 32003 ||| INVOKING Heroism.
 32014 | Snake:4  | 32014 ||| Stepping ~*~*~tactically~*~*~ (hiding).
 32071 | Snake:4  | 32071 ||| Stepping ~*~*~tactically~*~*~ (hiding).
 32075 | Snake:4  | 32075 ||| INVOKING Heroism.
 32101 | Snake:4  | Reached XP level 18. HP: 119/119 MP: 25/25
 32156 | Snake:4  | 32156 ||| Stepping ~*~*~tactically~*~*~ (hiding).
 32165 | Snake:4  | 32165 ||| Stepping ~*~*~tactically~*~*~ (stealth).
 32166 | Snake:4  | 32166 ||| DROPPING +0 morningstar.
 32184 | Snake:4  | 32184 ||| INVOKING Heroism.
 32267 | Snake:4  | 32267 ||| Stepping ~*~*~tactically~*~*~ (stealth).
 32269 | Snake:4  | 32269 ||| Stepping ~*~*~tactically~*~*~ (hiding).
 32406 | Snake:4  | Found Qaorekea's Antique Weapon Shop.
 32408 | Snake:4  | Found Galoz's Antique Weapon Boutique.
 32410 | Snake:4  | Found Areg's Weapon Shop.
 32519 | Snake:4  | 32519 ||| Stepping ~*~*~tactically~*~*~ (stealth).
 32572 | Snake:4  | 32572 ||| Stepping ~*~*~tactically~*~*~ (stealth).
 32574 | Snake:4  | 32574 ||| INVOKING Heroism.
 32579 | Snake:4  | Reached skill level 15 in Shields
 32588 | Snake:4  | 32588 ||| Stepping ~*~*~tactically~*~*~ (hiding).
 32589 | Snake:4  | 32589 ||| Stepping ~*~*~tactically~*~*~ (hiding).
 32630 | Snake:4  | 32630 ||| INVOKING Heroism.
 32705 | Snake:4  | 32705 ||| Stepping ~*~*~tactically~*~*~ (stealth).
 32706 | Snake:4  | 32706 ||| Stepping ~*~*~tactically~*~*~ (stealth).
 32738 | Snake:4  | 32738 ||| Stepping ~*~*~tactically~*~*~ (stealth).
 32741 | Snake:4  | 32741 ||| Stepping ~*~*~tactically~*~*~ (hiding).
 32866 | Snake:4  | 32866 ||| Stepping ~*~*~tactically~*~*~ (hiding).
 32871 | Snake:4  | 32871 ||| INVOKING Heroism.
 32876 | Snake:4  | 32876 ||| Stepping ~*~*~tactically~*~*~ (hiding).
 32877 | Snake:4  | 32877 ||| Stepping ~*~*~tactically~*~*~ (hiding).
 32878 | Snake:4  | 32878 ||| Stepping ~*~*~tactically~*~*~ (hiding).
 32897 | Snake:4  | 32897 ||| Stepping ~*~*~tactically~*~*~ (hiding).
 32994 | Snake:4  | 32994 ||| Stepping ~*~*~tactically~*~*~ (hiding).
 32997 | Snake:4  | 32997 ||| INVOKING Heroism.
 33055 | Snake:4  | 33055 ||| INVOKING Heroism.
 33062 | Snake:4  | Received a gift from Okawaru
 33092 | Snake:4  | 33092 ||| Stepping ~*~*~tactically~*~*~ (stealth).
 33093 | Snake:4  | 33093 ||| Stepping ~*~*~tactically~*~*~ (stealth).
 33129 | Snake:4  | Got a serpentine rune of Zot
 33298 | Snake:4  | 33298 ||| Stepping ~*~*~tactically~*~*~ (hiding).
 33735 | Snake:4  | 33735 ||| UPGRADING to +1 tower shield of cold resistance.
 33745 | Snake:4  | 33745 ||| DROPPING +0 tower shield.
 33786 | Snake:3  | 33786 ||| PLANNING SHOALS:4
 34062 | Shoals:4 | Entered Level 4 of the Shoals
 34065 | Shoals:4 | 34065 ||| Stepping ~*~*~tactically~*~*~ (hiding).
 34072 | Shoals:4 | 34072 ||| INVOKING Heroism.
 34073 | Shoals:4 | 34073 ||| INVOKING Finesse.
 34106 | Shoals:4 | Found Efarphix's Antique Weapon Emporium.
 34124 | Shoals:4 | 34124 ||| Stepping ~*~*~tactically~*~*~ (hiding).
 34125 | Shoals:4 | 34125 ||| INVOKING Heroism.
 34127 | Shoals:4 | 34127 ||| INVOKING Finesse.
 34144 | Shoals:4 | 34144 ||| Stepping ~*~*~tactically~*~*~ (hiding).
 34149 | Shoals:4 | Received a gift from Okawaru
 34150 | Shoals:4 | 34150 ||| Stepping ~*~*~tactically~*~*~ (hiding).
 34186 | Shoals:4 | Received a gift from Okawaru
 34206 | Shoals:4 | Got a barnacled rune of Zot
 34218 | Shoals:4 | 34218 ||| Stepping ~*~*~tactically~*~*~ (hiding).
 34254 | Shoals:4 | 34254 ||| INVOKING Heroism.
 34382 | Shoals:4 | Identified the +5 chain mail of Crawling {+Inv rF++ Will+
                  | Dex-2}
 34392 | Shoals:4 | 34392 ||| Stepping ~*~*~tactically~*~*~ (hiding).
 34393 | Shoals:4 | 34393 ||| Stepping ~*~*~tactically~*~*~ (hiding).
 34594 | Shoals:4 | Found Iqallow's Antique Armour Shoppe.
 34602 | Shoals:4 | 34602 ||| INVOKING Heroism.
 34614 | Shoals:4 | 34614 ||| BUYING pair of translucent gloves (247 gold).
 34614 | Shoals:4 | Bought a pair of translucent gloves for 247 gold pieces
 34614 | Shoals:4 | Identified the +4 pair of gloves "Rastraon" {rElec rC+
                  | Str+2} (You bought it in a shop on level 4 of the Shoals)
 34639 | Shoals:4 | 34639 ||| INVOKING Heroism.
 34702 | Shoals:4 | 34702 ||| Stepping ~*~*~tactically~*~*~ (hiding).
 34703 | Shoals:4 | 34703 ||| Stepping ~*~*~tactically~*~*~ (hiding).
 34708 | Shoals:4 | 34708 ||| INVOKING Heroism.
 34717 | Shoals:4 | Received a gift from Okawaru
 34806 | Shoals:4 | 34806 ||| Stepping ~*~*~tactically~*~*~ (hiding).
 34871 | Shoals:4 | Found Taudiul's Jewellery Emporium.
 34879 | Shoals:4 | 34879 ||| SHOPLISTING ring of ice (425 gold, have 154).
 34893 | Shoals:4 | 34893 ||| Stepping ~*~*~tactically~*~*~ (hiding).
 34904 | Shoals:4 | 34904 ||| Stepping ~*~*~tactically~*~*~ (hiding).
 35010 | Shoals:4 | Found Gukapiri's Distillery.
 35013 | Shoals:4 | 35013 ||| Stepping ~*~*~tactically~*~*~ (hiding).
 35014 | Shoals:4 | 35014 ||| Stepping ~*~*~tactically~*~*~ (hiding).
 35016 | Shoals:4 | 35016 ||| INVOKING Heroism.
 35017 | Shoals:4 | 35017 ||| INVOKING Finesse.
 35058 | Shoals:4 | Identified the +0 leather armour "Fenimao Tuot" {rC+ Int+4}
 35069 | Shoals:4 | 35069 ||| BUYING potion of curing (36 gold).
 35069 | Shoals:4 | Bought a potion of curing for 36 gold pieces
 35069 | Shoals:4 | 35069 ||| BUYING potion of curing (36 gold).
 35069 | Shoals:4 | Bought a potion of curing for 36 gold pieces
 35069 | Shoals:4 | 35069 ||| BUYING potion of curing (36 gold).
 35069 | Shoals:4 | Bought a potion of curing for 36 gold pieces
 35069 | Shoals:4 | 35069 ||| SHOPLISTING potion of haste (120 gold, have 46).
 35069 | Shoals:4 | 35069 ||| BUYING potion of lignification (36 gold).
 35069 | Shoals:4 | Bought a potion of lignification for 36 gold pieces
 35069 | Shoals:4 | 35069 ||| SHOPLISTING potion of magic (96 gold, have 10).
 35069 | Shoals:4 | 35069 ||| SHOPLISTING potion of mutation (96 gold, have
                  | 10).
 35170 | Shoals:4 | 35170 ||| INVOKING Heroism.
 35171 | Shoals:4 | 35171 ||| INVOKING Finesse.
 35192 | Shoals:4 | Reached skill level 15 in Armour
 35214 | Shoals:4 | Identified the +4 chain mail "Aduicoax" {rPois Regen+ rCorr
                  | Int-4}
 35289 | Shoals:4 | Identified the +1 hat of the Beggar {Fly}
 35334 | Shoals:4 | 35334 ||| PLANNING VAULTS:1-4
 35334 | Shoals:4 | 35334 ||| UPGRADING to +4 pair of gloves "Rastraon" {rElec
                  | rC+ Str+2}.
 35344 | Shoals:4 | 35344 ||| UPGRADING to +2 cloak.
 35354 | Shoals:4 | 35354 ||| DROPPING +1 pair of gloves of hurling.
 35355 | Shoals:4 | 35355 ||| DROPPING +1 hat of the Beggar {Fly}.
 35356 | Shoals:4 | 35356 ||| UPGRADING to amulet "Wemmut" {Acrobat Will++
                  | Str-5 SInv}.
 35684 | Vaults:1 | Entered Level 1 of the Vaults
 35762 | Vaults:1 | 35762 ||| Stepping ~*~*~tactically~*~*~ (stealth).
 35769 | Vaults:1 | 35769 ||| Stepping ~*~*~tactically~*~*~ (stealth).
 35849 | Vaults:1 | 35849 ||| Stepping ~*~*~tactically~*~*~ (hiding).
 35852 | Vaults:1 | 35852 ||| INVOKING Heroism.
 35857 | Vaults:1 | 35857 ||| INVOKING Finesse.
 35922 | Vaults:1 | 35922 ||| Stepping ~*~*~tactically~*~*~ (hiding).
 35936 | Vaults:1 | 35936 ||| INVOKING Heroism.
 35948 | Vaults:1 | Reached XP level 19. HP: 110/124 MP: 24/26
 35955 | Vaults:1 | Received a gift from Okawaru
 35959 | Vaults:1 | Received a gift from Okawaru
 36114 | Vaults:1 | Found Rial's Assorted Antiques.
 36117 | Vaults:1 | 36117 ||| SHOPLISTING crystal broad axe (333 gold, have
                  | 154).
 36117 | Vaults:1 | 36117 ||| BUYING potion of curing (111 gold).
 36117 | Vaults:1 | Bought a potion of curing for 111 gold pieces
 36117 | Vaults:1 | 36117 ||| SHOPLISTING potion of heal wounds (185 gold, have
                  | 43).
 36117 | Vaults:1 | 36117 ||| SHOPLISTING scroll of teleportation (111 gold,
                  | have 43).
 36117 | Vaults:1 | 36117 ||| SHOPLISTING twisted garnet ring (185 gold, have
                  | 43).
 36152 | Vaults:1 | Found Uquefes's Weapon Shop.
 36165 | Vaults:1 | Reached skill level 18 in Shields
 36219 | Vaults:1 | 36219 ||| Stepping ~*~*~tactically~*~*~ (hiding).
 36220 | Vaults:1 | 36220 ||| Stepping ~*~*~tactically~*~*~ (hiding).
 36224 | Vaults:1 | 36224 ||| INVOKING Heroism.
 36227 | Vaults:1 | Received a gift from Okawaru
 36369 | Vaults:1 | 36369 ||| Stepping ~*~*~tactically~*~*~ (stealth).
 36370 | Vaults:1 | 36370 ||| Stepping ~*~*~tactically~*~*~ (stealth).
 36445 | Vaults:1 | You are sucked into a shaft and drop 1 floor!
 36446 | Vaults:2 | 36446 ||| PLANNING DESOLATION
 36458 | Vaults:2 | Found a staircase to the Crypt.
 36468 | Vaults:2 | 36468 ||| Stepping ~*~*~tactically~*~*~ (stealth).
 36472 | Vaults:2 | 36472 ||| INVOKING Heroism.
 36518 | Vaults:2 | Found a crumbling gateway.
 36519 | Vaults:2 | 36519 ||| Stepping ~*~*~tactically~*~*~ (stealth).
 36520 | Vaults:2 | 36520 ||| UPGRADING to amulet "Apirph" {Reflect MP+9 SH+5}.
 36531 | Vaults:2 | 36531 ||| Stepping ~*~*~tactically~*~*~ (hiding).
 36580 | Desolati | Entered the Desolation of Salt
 36640 | Desolati | 36640 ||| INVOKING Heroism.
 36641 | Desolati | 36641 ||| INVOKING Finesse.
 36676 | Desolati | Identified the +0 robe of Tisit {Rampage Stlth+}
 36677 | Desolati | 36677 ||| Stepping ~*~*~tactically~*~*~ (stealth).
 36721 | Desolati | Identified the ring "Vuich" {Wiz rPois Str-2 Int+4}
 36728 | Desolati | Identified the +9 rapier of Indignation {freeze, rN+ Int+3}
 36737 | Desolati | Identified the +1 scale mail of Fun {Fly rC++ Int+4}
 36862 | Desolati | 36862 ||| INVOKING Heroism.
 36898 | Desolati | 36898 ||| INVOKING Heroism.
 36912 | Desolati | 36912 ||| Stepping ~*~*~tactically~*~*~ (stealth).
 36916 | Desolati | 36916 ||| Stepping ~*~*~tactically~*~*~ (hiding).
 36917 | Desolati | 36917 ||| Stepping ~*~*~tactically~*~*~ (hiding).
 36936 | Desolati | 36936 ||| Stepping ~*~*~tactically~*~*~ (hiding).
 36937 | Desolati | 36937 ||| INVOKING Finesse.
 36972 | Desolati | Identified the +8 spear of Wacrauczij {pain, rElec rF+
                  | Str+8 Int-4}
 36974 | Desolati | 36974 ||| Stepping ~*~*~tactically~*~*~ (hiding).
 36976 | Desolati | 36976 ||| Stepping ~*~*~tactically~*~*~ (hiding).
 36977 | Desolati | 36977 ||| Stepping ~*~*~tactically~*~*~ (hiding).
 36978 | Desolati | 36978 ||| Stepping ~*~*~tactically~*~*~ (hiding).
 36979 | Desolati | 36979 ||| Stepping ~*~*~tactically~*~*~ (hiding).
 36980 | Desolati | 36980 ||| INVOKING Heroism.
 37016 | Desolati | 37016 ||| INVOKING Heroism.
 37022 | Desolati | Received a gift from Okawaru
 37044 | Desolati | Identified the +1 spear "Vannofob" {pain, Str+5 Dex-5}
 37047 | Desolati | 37047 ||| Stepping ~*~*~tactically~*~*~ (hiding).
 37060 | Desolati | 37060 ||| INVOKING Heroism.
 37066 | Desolati | 37066 ||| Stepping ~*~*~tactically~*~*~ (stealth).
 37100 | Desolati | 37100 ||| Stepping ~*~*~tactically~*~*~ (stealth).
 37101 | Desolati | 37101 ||| Stepping ~*~*~tactically~*~*~ (stealth).
 37103 | Desolati | 37103 ||| Stepping ~*~*~tactically~*~*~ (stealth).
 37106 | Desolati | 37106 ||| INVOKING Heroism.
 37107 | Desolati | Identified the amulet of the Briny Deep {Spirit rC+}
 37127 | Desolati | Reached skill level 9 in Throwing
 37131 | Desolati | 37131 ||| Stepping ~*~*~tactically~*~*~ (hiding).
 37160 | Desolati | 37160 ||| Stepping ~*~*~tactically~*~*~ (stealth).
 37165 | Desolati | 37165 ||| Stepping ~*~*~tactically~*~*~ (hiding).
 37532 | Desolati | 37532 ||| DROPPING +0 pair of gloves of hurling.
 37533 | Desolati | 37533 ||| DROPPING +0 pair of boots of stealth.
 37534 | Desolati | 37534 ||| DROPPING ring "Vuich" {Wiz rPois Str-2 Int+4}.
 37559 | Vaults:2 | 37559 ||| PLANNING VAULTS:1-4
 37597 | Vaults:2 | 37597 ||| INVOKING Heroism.
 37705 | Vaults:2 | 37705 ||| Stepping ~*~*~tactically~*~*~ (stealth).
 37709 | Vaults:2 | 37709 ||| INVOKING Heroism.
 37713 | Vaults:2 | 37713 ||| Stepping ~*~*~tactically~*~*~ (stealth).
 37741 | Vaults:2 | Reached skill level 18 in Armour
 37792 | Vaults:2 | Reached XP level 20. HP: 129/129 MP: 27/27
 37898 | Vaults:2 | 37898 ||| Stepping ~*~*~tactically~*~*~ (hiding).
 37900 | Vaults:2 | 37900 ||| Stepping ~*~*~tactically~*~*~ (hiding).
 37946 | Vaults:2 | 37946 ||| Stepping ~*~*~tactically~*~*~ (hiding).
 37977 | Vaults:2 | 37977 ||| UPGRADING to amulet "Wemmut" {Acrobat Will++
                  | Str-5 SInv}.
 38012 | Vaults:2 | 38012 ||| Stepping ~*~*~tactically~*~*~ (hiding).
 38013 | Vaults:2 | 38013 ||| Stepping ~*~*~tactically~*~*~ (hiding).
 38031 | Vaults:2 | 38031 ||| Stepping ~*~*~tactically~*~*~ (stealth).
 38061 | Vaults:2 | 38061 ||| READING 5 scrolls of teleportation.
 38139 | Vaults:2 | 38139 ||| Stepping ~*~*~tactically~*~*~ (hiding).
 38140 | Vaults:2 | 38140 ||| Stepping ~*~*~tactically~*~*~ (hiding).
 38368 | Vaults:2 | 38368 ||| Stepping ~*~*~tactically~*~*~ (hiding).
 38369 | Vaults:2 | 38369 ||| Stepping ~*~*~tactically~*~*~ (hiding).
 38515 | Vaults:2 | 38515 ||| INVOKING Heroism.
 38519 | Vaults:2 | 38519 ||| Stepping ~*~*~tactically~*~*~ (stealth).
 38520 | Vaults:2 | 38520 ||| Stepping ~*~*~tactically~*~*~ (stealth).
 38574 | Vaults:2 | 38574 ||| Stepping ~*~*~tactically~*~*~ (stealth).
 38577 | Vaults:2 | 38577 ||| Stepping ~*~*~tactically~*~*~ (hiding).
 38912 | Vaults:1 | 38912 ||| Stepping ~*~*~tactically~*~*~ (hiding).
 38933 | Vaults:1 | Reached skill level 16 in Fighting
 39226 | Vaults:1 | 39226 ||| INVOKING Heroism.
 39227 | Vaults:1 | 39227 ||| INVOKING Finesse.
 39385 | Vaults:2 | 39385 ||| Stepping ~*~*~tactically~*~*~ (stealth).
 39387 | Vaults:2 | 39387 ||| Stepping ~*~*~tactically~*~*~ (hiding).
 39393 | Vaults:2 | 39393 ||| INVOKING Heroism.
 39402 | Vaults:2 | Received a gift from Okawaru
 39500 | Vaults:3 | 39500 ||| Stepping ~*~*~tactically~*~*~ (stealth).
 39502 | Vaults:3 | 39502 ||| INVOKING Heroism.
 39589 | Vaults:3 | 39589 ||| INVOKING Heroism.
 39715 | Vaults:3 | 39715 ||| INVOKING Heroism.
 39802 | Vaults:3 | Received a gift from Okawaru
 39805 | Vaults:3 | 39805 ||| INVOKING Heroism.
 40194 | Vaults:3 | 40194 ||| Stepping ~*~*~tactically~*~*~ (stealth).
 40287 | Vaults:3 | 40287 ||| Stepping ~*~*~tactically~*~*~ (hiding).
 40608 | Vaults:3 | 40608 ||| INVOKING Heroism.
 40614 | Vaults:3 | Received a gift from Okawaru
 40696 | Vaults:3 | 40696 ||| INVOKING Heroism.
 40776 | Vaults:3 | 40776 ||| INVOKING Heroism.
 40967 | Vaults:4 | Received a gift from Okawaru
 40980 | Vaults:4 | 40980 ||| INVOKING Heroism.
 41074 | Vaults:4 | 41074 ||| INVOKING Heroism.
 41078 | Vaults:4 | Reached skill level 17 in Fighting
 41308 | Vaults:4 | 41308 ||| INVOKING Heroism.
 41367 | Vaults:4 | 41367 ||| Stepping ~*~*~tactically~*~*~ (hiding).
 41372 | Vaults:4 | 41372 ||| INVOKING Heroism.
 41475 | Vaults:4 | 41475 ||| Stepping ~*~*~tactically~*~*~ (hiding).
 41482 | Vaults:4 | 41482 ||| INVOKING Heroism.
 41483 | Vaults:4 | 41483 ||| INVOKING Finesse.
 41609 | Vaults:4 | Found Wykax's Assorted Antiques.
 41619 | Vaults:4 | 41619 ||| BUYING potion of haste (280 gold).
 41619 | Vaults:4 | Bought a potion of haste for 280 gold pieces
 41619 | Vaults:4 | 41619 ||| BUYING potion of lignification (84 gold).
 41619 | Vaults:4 | Bought a potion of lignification for 84 gold pieces
 41619 | Vaults:4 | 41619 ||| SHOPLISTING runed broad axe (196 gold, have 186).
 41781 | Vaults:4 | Identified the +1 robe of Wommann {Dex+3}
 41873 | Vaults:4 | 41873 ||| Stepping ~*~*~tactically~*~*~ (hiding).
 41879 | Vaults:4 | Received a gift from Okawaru
 41984 | Vaults:4 | 41984 ||| Stepping ~*~*~tactically~*~*~ (hiding).
 41986 | Vaults:4 | 41986 ||| INVOKING Heroism.
 42142 | Vaults:4 | 42142 ||| PLANNING DEPTHS
 42142 | Vaults:4 | 42142 ||| UPGRADING to +2 tower shield of fire resistance.
 42152 | Vaults:4 | 42152 ||| DROPPING amulet of regeneration.
 42153 | Vaults:4 | 42153 ||| UPGRADING to amulet "Apirph" {Reflect MP+9 SH+5}.
 42385 | Depths:1 | Entered Level 1 of the Depths
 42386 | Depths:1 | 42386 ||| INVOKING Heroism.
 42391 | Depths:1 | Paralysed by a sphinx for 3 turns
 42395 | Depths:1 | Reached XP level 21. HP: 118/139 MP: 28/28
 42399 | Depths:1 | Paralysed by a sphinx for 4 turns
 42403 | Depths:1 | Received a gift from Okawaru
 42408 | Depths:1 | 42408 ||| INVOKING Finesse.
 42414 | Depths:1 | Reached skill level 6 in Dodging
 42426 | Depths:1 | HP: 21/140 [frost giant/bolt of cold (25)]
 42427 | Depths:1 | 42427 ||| READING 5 scrolls of teleportation.
 42428 | Depths:1 | 42428 ||| DRINKING 2 potions of heal wounds.
 42429 | Depths:1 | 42429 ||| DRINKING potion of heal wounds.
 42435 | Depths:1 | 42435 ||| Stepping ~*~*~tactically~*~*~ (hiding).
 42447 | Depths:1 | 42447 ||| Stepping ~*~*~tactically~*~*~ (hiding).
 42451 | Depths:1 | 42451 ||| INVOKING Heroism.
 42477 | Depths:1 | 42477 ||| INVOKING Heroism.
 42504 | Depths:1 | 42504 ||| Stepping ~*~*~tactically~*~*~ (stealth).
 42522 | Depths:1 | 42522 ||| INVOKING Heroism.
 42551 | Depths:1 | Received a gift from Okawaru
 42605 | Depths:1 | 42605 ||| Stepping ~*~*~tactically~*~*~ (stealth).
 42607 | Depths:1 | 42607 ||| Stepping ~*~*~tactically~*~*~ (hiding).
 42613 | Depths:1 | 42613 ||| INVOKING Heroism.
 42616 | Depths:1 | Reached skill level 18 in Fighting
 42671 | Depths:1 | 42671 ||| INVOKING Heroism.
 42882 | Depths:1 | 42882 ||| Stepping ~*~*~tactically~*~*~ (hiding).
 42883 | Depths:1 | 42883 ||| Stepping ~*~*~tactically~*~*~ (hiding).
 42981 | Depths:1 | Found a gateway to Hell.
 42992 | Depths:1 | Identified the +2 plate armour of a Labyrinth {+Blink
                  | Str+6}
 43070 | Depths:1 | Identified the +0 ring mail "Deubiezu" {rC+ Dex+4}
 43174 | Depths:2 | 43174 ||| Stepping ~*~*~tactically~*~*~ (hiding).
 43181 | Depths:2 | Paralysed by a sphinx for 5 turns
 43187 | Depths:2 | 43187 ||| INVOKING Heroism.
 43195 | Depths:2 | 43195 ||| INVOKING Finesse.
 43205 | Depths:2 | 43205 ||| Stepping ~*~*~tactically~*~*~ (hiding).
 43303 | Depths:2 | 43303 ||| Stepping ~*~*~tactically~*~*~ (hiding).
 43305 | Depths:2 | 43305 ||| INVOKING Heroism.
 43307 | Depths:2 | 43307 ||| Stepping ~*~*~tactically~*~*~ (hiding).
 43308 | Depths:2 | 43308 ||| Stepping ~*~*~tactically~*~*~ (hiding).
 43309 | Depths:2 | 43309 ||| Stepping ~*~*~tactically~*~*~ (hiding).
 43310 | Depths:2 | 43310 ||| INVOKING Finesse.
 43365 | Depths:2 | 43365 ||| INVOKING Heroism.
 43380 | Depths:2 | 43380 ||| INVOKING Heroism.
 43410 | Depths:2 | 43410 ||| FLEEEEING.
 43411 | Depths:2 | 43411 ||| FLEEEEING.
 43455 | Depths:2 | Found a one-way gate leading to the halls of Pandemonium.
 43523 | Depths:2 | 43523 ||| Stepping ~*~*~tactically~*~*~ (hiding).
 43525 | Depths:2 | 43525 ||| Stepping ~*~*~tactically~*~*~ (hiding).
 43529 | Depths:2 | 43529 ||| INVOKING Heroism.
 43530 | Depths:2 | 43530 ||| INVOKING Finesse.
 43585 | Depths:2 | Found a one-way gateway to a ziggurat.
 43590 | Depths:2 | 43590 ||| INVOKING Heroism.
 43637 | Depths:2 | 43637 ||| INVOKING Heroism.
 43650 | Depths:2 | Received a gift from Okawaru
 43713 | Depths:2 | 43713 ||| INVOKING Heroism.
 43714 | Depths:2 | 43714 ||| INVOKING Finesse.
 43722 | Depths:2 | 43722 ||| Stepping ~*~*~tactically~*~*~ (hiding).
 43723 | Depths:2 | 43723 ||| Stepping ~*~*~tactically~*~*~ (hiding).
 43801 | Depths:2 | 43801 ||| INVOKING Heroism.
 43822 | Depths:2 | Identified the +6 war axe "Gaad" {spect, rN+}
 43921 | Depths:2 | Received a gift from Okawaru
 44034 | Depths:2 | 44034 ||| Stepping ~*~*~tactically~*~*~ (hiding).
 44046 | Depths:2 | Paralysed by a sphinx for 3 turns
 44054 | Depths:2 | 44054 ||| INVOKING Heroism.
 44069 | Depths:2 | 44069 ||| Stepping ~*~*~tactically~*~*~ (stealth).
 44116 | Depths:2 | 44116 ||| Stepping ~*~*~tactically~*~*~ (hiding).
 44188 | Depths:2 | 44188 ||| INVOKING Heroism.
 44234 | Depths:2 | Paralysed by a floating eye for 4 turns
 44241 | Depths:2 | Paralysed by a floating eye for 3 turns
 44422 | Depths:2 | 44422 ||| INVOKING Heroism.
 44423 | Depths:2 | 44423 ||| INVOKING Finesse.
 44430 | Depths:2 | Reached skill level 19 in Fighting
 44479 | Depths:2 | 44479 ||| DROPPING +0 cloak of willpower.
 44480 | Depths:2 | 44480 ||| DROPPING ring of magical power.
 44514 | Depths:3 | 44514 ||| INVOKING Heroism.
 44524 | Depths:3 | Reached XP level 22. HP: 130/149 MP: 29/29
 44528 | Depths:3 | Noticed a caustic shrike
 44529 | Depths:3 | 44529 ||| INVOKING Finesse.
 44542 | Depths:3 | Killed a caustic shrike
 44617 | Depths:3 | 44617 ||| FLEEEEING.
 44624 | Depths:3 | 44624 ||| INVOKING Heroism.
 44625 | Depths:3 | 44625 ||| INVOKING Finesse.
 44637 | Depths:3 | Received a gift from Okawaru
 44650 | Depths:3 | Noticed a juggernaut
 44650 | Depths:3 | Noticed a caustic shrike
 44654 | Depths:3 | 44654 ||| Stepping ~*~*~tactically~*~*~ (hiding).
 44661 | Depths:3 | Killed a juggernaut
 44661 | Depths:3 | Received a gift from Okawaru
 44670 | Depths:3 | 44670 ||| INVOKING Finesse.
 44682 | Depths:3 | Killed a caustic shrike
 44683 | Depths:3 | Reached skill level 21 in Armour
 44683 | Depths:3 | Noticed a juggernaut
 44705 | Depths:3 | Killed a juggernaut
 44708 | Depths:3 | 44708 ||| INVOKING Heroism.
 44730 | Depths:3 | 44730 ||| Stepping ~*~*~tactically~*~*~ (hiding).
 44769 | Depths:3 | Noticed a golden dragon
 44770 | Depths:3 | 44770 ||| INVOKING Finesse.
 44773 | Depths:3 | 44773 ||| Stepping ~*~*~tactically~*~*~ (hiding).
 44776 | Depths:3 | 44776 ||| Stepping ~*~*~tactically~*~*~ (hiding).
 44790 | Depths:3 | 44790 ||| INVOKING Heroism.
 44792 | Depths:3 | Killed a golden dragon
 44792 | Depths:3 | Received a gift from Okawaru
 44799 | Depths:3 | 44799 ||| Stepping ~*~*~tactically~*~*~ (hiding).
 44815 | Depths:3 | Noticed a golden dragon
 44843 | Depths:3 | 44843 ||| Stepping ~*~*~tactically~*~*~ (hiding).
 44859 | Depths:3 | Received a gift from Okawaru
 44860 | Depths:3 | 44860 ||| INVOKING Finesse.
 44861 | Depths:3 | Killed a golden dragon
 44980 | Depths:3 | 44980 ||| Stepping ~*~*~tactically~*~*~ (hiding).
 44982 | Depths:3 | 44982 ||| Stepping ~*~*~tactically~*~*~ (hiding).
 45039 | Depths:3 | 45039 ||| Stepping ~*~*~tactically~*~*~ (hiding).
 45043 | Depths:3 | 45043 ||| INVOKING Heroism.
 45051 | Depths:3 | Identified the +2 pair of boots of Japs {+Blink Will+ rCorr
                  | Str-3} (Okawaru gifted it to you on level 3 of the Depths)
 45051 | Depths:3 | Received a gift from Okawaru
 45124 | Depths:3 | Identified the +6 hand axe of Kyukh {drain, SInv}
 45137 | Depths:3 | 45137 ||| Stepping ~*~*~tactically~*~*~ (hiding).
 45139 | Depths:3 | 45139 ||| INVOKING Heroism.
 45149 | Depths:3 | 45149 ||| Stepping ~*~*~tactically~*~*~ (hiding).
 45173 | Depths:3 | 45173 ||| INVOKING Heroism.
 45211 | Depths:3 | 45211 ||| READING scroll of acquirement.
 45211 | Depths:3 | 45211 ||| ACQUIRING 962 gold pieces
 45211 | Depths:3 | Acquired 962 gold pieces
 45241 | Depths:3 | Found Feugrupp's Book Boutique.
 45241 | Depths:3 | Found Retzolup's Jewellery Emporium.
 45243 | Depths:3 | Found Syuxkoam's Book Boutique.
 45263 | Depths:3 | 45263 ||| INVOKING Heroism.
 45273 | Depths:3 | Paralysed by a vampire knight for 2 turns
 45336 | Depths:3 | Found a bloodstained altar of Trog.
 45664 | Depths:3 | 45664 ||| Stepping ~*~*~tactically~*~*~ (hiding).
 45891 | Depths:3 | 45891 ||| UPGRADING to +2 pair of boots of Japs {+Blink
                  | Will+ rCorr Str-3}.
 45901 | Depths:3 | 45901 ||| DROPPING +1 pair of boots.
 45945 | Depths:4 | Entered Level 4 of the Depths
 45946 | Depths:4 | 45946 ||| STAIRDANCE
 45952 | Depths:3 | 45952 ||| FLEEEEING.
 45953 | Depths:3 | 45953 ||| FLEEEEING.
 45954 | Depths:3 | 45954 ||| FLEEEEING.
 45955 | Depths:3 | 45955 ||| FLEEEEING.
 45956 | Depths:3 | 45956 ||| FLEEEEING.
 45958 | Depths:3 | 45958 ||| FLEEEEING.
 45959 | Depths:3 | 45959 ||| FLEEEEING.
 45960 | Depths:3 | 45960 ||| FLEEEEING.
 45961 | Depths:3 | 45961 ||| FLEEEEING.
 45962 | Depths:3 | 45962 ||| FLEEEEING.
 45965 | Depths:3 | 45965 ||| FLEEEEING.
 45968 | Depths:3 | 45968 ||| STAIRDANCE
 46090 | Depths:4 | 46090 ||| STAIRDANCE
 46090 | Depths:4 | Noticed Margery
 46092 | Depths:3 | 46092 ||| INVOKING Heroism.
 46108 | Depths:4 | 46108 ||| STAIRDANCE
 46126 | Depths:4 | 46126 ||| STAIRDANCE
 46128 | Depths:3 | 46128 ||| INVOKING Finesse.
 46138 | Depths:3 | Reached XP level 23. HP: 138/155 MP: 30/30
 46173 | Depths:4 | 46173 ||| STAIRDANCE
 46175 | Depths:3 | 46175 ||| INVOKING Heroism.
 46211 | Depths:4 | 46211 ||| STAIRDANCE
 46223 | Depths:4 | 46223 ||| STAIRDANCE
 46230 | Depths:3 | Reached skill level 20 in Fighting
 46234 | Depths:4 | 46234 ||| STAIRDANCE
 46255 | Depths:4 | 46255 ||| STAIRDANCE
 46257 | Depths:3 | 46257 ||| INVOKING Finesse.
 46283 | Depths:4 | 46283 ||| STAIRDANCE
 46285 | Depths:3 | 46285 ||| INVOKING Heroism.
 46304 | Depths:4 | 46304 ||| STAIRDANCE
 46318 | Depths:4 | 46318 ||| STAIRDANCE
 46336 | Depths:4 | 46336 ||| STAIRDANCE
 46338 | Depths:3 | 46338 ||| INVOKING Heroism.
 46351 | Depths:3 | Reached skill level 21 in Shields
 46355 | Depths:4 | 46355 ||| STAIRDANCE
 46371 | Depths:4 | Noticed a golden dragon
 46372 | Depths:4 | 46372 ||| STAIRDANCE
 46379 | Depths:4 | 46379 ||| DRINKING 9 potions of resistance.
 46380 | Depths:4 | 46380 ||| INVOKING Finesse.
 46381 | Depths:4 | 46381 ||| STAIRDANCE
 46393 | Depths:3 | Killed Margery
 46417 | Depths:4 | 46417 ||| STAIRDANCE
 46419 | Depths:3 | 46419 ||| INVOKING Heroism.
 46427 | Depths:3 | Killed a golden dragon
 46460 | Depths:4 | 46460 ||| INVOKING Heroism.
 46509 | Depths:4 | 46509 ||| INVOKING Heroism.
 46524 | Depths:4 | Noticed a golden dragon
 46525 | Depths:4 | 46525 ||| INVOKING Finesse.
 46534 | Depths:4 | Killed a golden dragon
 46546 | Depths:4 | 46546 ||| Stepping ~*~*~tactically~*~*~ (stealth).
 46575 | Depths:4 | 46575 ||| INVOKING Heroism.
 46599 | Depths:4 | Identified the +0 pair of gloves of a Hundred Baking Souls
                  | {rN+ Regen+} (Okawaru gifted it to you on level 4 of the
                  | Depths)
 46599 | Depths:4 | Received a gift from Okawaru
 46600 | Depths:4 | Reached skill level 21 in Fighting
 46749 | Depths:4 | Found a gate to the Realm of Zot.
 46872 | Depths:4 | Identified the +9 morningstar of Propriety {vorpal, Will+
                  | rCorr}
 46922 | Depths:4 | Identified the +5 ring mail of Modesty {Will+}
 47139 | Depths:4 | 47139 ||| PLANNING VAULTS:5
 47139 | Depths:4 | 47139 ||| DROPPING +0 pair of gloves of a Hundred Baking
                  | Souls {rN+ Regen+}.
 47140 | Depths:4 | 47140 ||| UPGRADING to amulet "Wemmut" {Acrobat Will++
                  | Str-5 SInv}.
 47415 | Vaults:5 | Entered Level 5 of the Vaults
 47416 | Vaults:5 | 47416 ||| INVOKING Heroism.
 47417 | Vaults:5 | 47417 ||| STAIRDANCE
 47433 | Vaults:5 | 47433 ||| STAIRDANCE
 47474 | Vaults:5 | 47474 ||| INVOKING Heroism.
 47493 | Vaults:5 | Reached skill level 12 in Throwing
 47498 | Vaults:5 | 47498 ||| INVOKING Finesse.
 47503 | Vaults:5 | Noticed Sojobo
 47553 | Vaults:5 | Killed Sojobo
 47573 | Vaults:5 | 47573 ||| INVOKING Heroism.
 47573 | Vaults:5 | HP: 37/160 [vault guard/+0 bardiche (7)]
 47574 | Vaults:5 | 47574 ||| READING 9 scrolls of teleportation.
 47575 | Vaults:5 | 47575 ||| DRINKING 2 potions of heal wounds.
 47583 | Vaults:5 | HP: 30/160 [titan/bolt of lightning (14)]
 47584 | Vaults:5 | 47584 ||| READING 8 scrolls of teleportation.
 47585 | Vaults:5 | 47585 ||| DRINKING potion of heal wounds.
 47589 | Vaults:5 | 47589 ||| READING 7 scrolls of teleportation.
 47600 | Vaults:5 | HP: 35/160 [titan/the air (14)]
 47601 | Vaults:5 | 47601 ||| READING 6 scrolls of teleportation.
 47610 | Vaults:5 | 47610 ||| Stepping ~*~*~tactically~*~*~ (stealth).
 47650 | Vaults:5 | 47650 ||| INVOKING Heroism.
 47662 | Vaults:5 | 47662 ||| Stepping ~*~*~tactically~*~*~ (hiding).
 47663 | Vaults:5 | 47663 ||| Stepping ~*~*~tactically~*~*~ (hiding).
 47666 | Vaults:5 | 47666 ||| Stepping ~*~*~tactically~*~*~ (hiding).
 47674 | Vaults:5 | Reached XP level 24. HP: 117/168 MP: 30/30
 47700 | Vaults:5 | 47700 ||| Stepping ~*~*~tactically~*~*~ (stealth).
 47771 | Vaults:5 | 47771 ||| Stepping ~*~*~tactically~*~*~ (stealth).
 47906 | Vaults:5 | 47906 ||| Stepping ~*~*~tactically~*~*~ (hiding).
 47908 | Vaults:5 | 47908 ||| Stepping ~*~*~tactically~*~*~ (hiding).
 47909 | Vaults:5 | 47909 ||| Stepping ~*~*~tactically~*~*~ (hiding).
 47939 | Vaults:5 | 47939 ||| Stepping ~*~*~tactically~*~*~ (stealth).
 47941 | Vaults:5 | 47941 ||| Stepping ~*~*~tactically~*~*~ (hiding).
 47945 | Vaults:5 | 47945 ||| INVOKING Heroism.
 47949 | Vaults:5 | Reached skill level 22 in Fighting
 48025 | Vaults:5 | 48025 ||| Stepping ~*~*~tactically~*~*~ (hiding).
 48038 | Vaults:5 | 48038 ||| INVOKING Heroism.
 48049 | Vaults:5 | Received a gift from Okawaru
 48092 | Vaults:5 | 48092 ||| INVOKING Heroism.
 48125 | Vaults:5 | 48125 ||| INVOKING Heroism.
 48174 | Vaults:5 | 48174 ||| INVOKING Heroism.
 48246 | Vaults:5 | 48246 ||| FLEEEEING.
 48247 | Vaults:5 | 48247 ||| FLEEEEING.
 48248 | Vaults:5 | 48248 ||| FLEEEEING.
 48249 | Vaults:5 | 48249 ||| FLEEEEING.
 48250 | Vaults:5 | 48250 ||| FLEEEEING.
 48251 | Vaults:5 | 48251 ||| STAIRDANCE
 48291 | Vaults:5 | 48291 ||| Stepping ~*~*~tactically~*~*~ (hiding).
 48292 | Vaults:5 | 48292 ||| Stepping ~*~*~tactically~*~*~ (hiding).
 48295 | Vaults:5 | 48295 ||| INVOKING Heroism.
 48364 | Vaults:5 | 48364 ||| FLEEEEING.
 48365 | Vaults:5 | 48365 ||| FLEEEEING.
 48476 | Vaults:5 | 48476 ||| Stepping ~*~*~tactically~*~*~ (stealth).
 48479 | Vaults:5 | 48479 ||| INVOKING Heroism.
 48485 | Vaults:5 | Received a gift from Okawaru
 48495 | Vaults:5 | Found Raawn's Distillery.
 48495 | Vaults:5 | Found Siabe's Magic Scroll Shop.
 48521 | Vaults:5 | 48521 ||| INVOKING Heroism.
 48523 | Vaults:5 | 48523 ||| Stepping ~*~*~tactically~*~*~ (hiding).
 48542 | Vaults:5 | 48542 ||| BUYING potion of curing (30 gold).
 48542 | Vaults:5 | Bought a potion of curing for 30 gold pieces
 48542 | Vaults:5 | 48542 ||| BUYING potion of curing (30 gold).
 48542 | Vaults:5 | Bought a potion of curing for 30 gold pieces
 48542 | Vaults:5 | 48542 ||| BUYING potion of haste (100 gold).
 48542 | Vaults:5 | Bought a potion of haste for 100 gold pieces
 48542 | Vaults:5 | 48542 ||| BUYING potion of lignification (30 gold).
 48542 | Vaults:5 | Bought a potion of lignification for 30 gold pieces
 48542 | Vaults:5 | 48542 ||| BUYING potion of lignification (30 gold).
 48542 | Vaults:5 | Bought a potion of lignification for 30 gold pieces
 48542 | Vaults:5 | 48542 ||| BUYING potion of mutation (80 gold).
 48542 | Vaults:5 | Bought a potion of mutation for 80 gold pieces
 48542 | Vaults:5 | 48542 ||| BUYING potion of mutation (80 gold).
 48542 | Vaults:5 | Bought a potion of mutation for 80 gold pieces
 48546 | Vaults:5 | 48546 ||| BUYING scroll of teleportation (54 gold).
 48546 | Vaults:5 | Bought a scroll of teleportation for 54 gold pieces
 48554 | Vaults:5 | Found Nuepaaf's Antique Weapon Boutique.
 48714 | Vaults:5 | Found Roethaenuis's Distillery.
 48719 | Vaults:5 | 48719 ||| BUYING potion of curing (57 gold).
 48719 | Vaults:5 | Bought a potion of curing for 57 gold pieces
 48719 | Vaults:5 | 48719 ||| BUYING potion of curing (57 gold).
 48719 | Vaults:5 | Bought a potion of curing for 57 gold pieces
 48719 | Vaults:5 | 48719 ||| BUYING potion of heal wounds (95 gold).
 48719 | Vaults:5 | Bought a potion of heal wounds for 95 gold pieces
 48719 | Vaults:5 | 48719 ||| BUYING potion of lignification (57 gold).
 48719 | Vaults:5 | Bought a potion of lignification for 57 gold pieces
 48719 | Vaults:5 | 48719 ||| BUYING potion of mutation (152 gold).
 48719 | Vaults:5 | Bought a potion of mutation for 152 gold pieces
 48719 | Vaults:5 | 48719 ||| BUYING potion of resistance (190 gold).
 48719 | Vaults:5 | Bought a potion of resistance for 190 gold pieces
 48724 | Vaults:5 | 48724 ||| Stepping ~*~*~tactically~*~*~ (stealth).
 48731 | Vaults:5 | 48731 ||| INVOKING Heroism.
 48754 | Vaults:5 | Found Dadaj's Magic Scroll Shoppe.
 48754 | Vaults:5 | Found Anav's Magic Scroll Shop.
 48760 | Vaults:5 | 48760 ||| BUYING scroll of teleportation (69 gold).
 48760 | Vaults:5 | Bought a scroll of teleportation for 69 gold pieces
 48760 | Vaults:5 | 48760 ||| BUYING scroll of teleportation (69 gold).
 48760 | Vaults:5 | Bought a scroll of teleportation for 69 gold pieces
 48767 | Vaults:5 | 48767 ||| BUYING scroll of enchant weapon (97 gold).
 48767 | Vaults:5 | Bought a scroll of enchant weapon for 97 gold pieces
 48767 | Vaults:5 | 48767 ||| BUYING scroll of enchant weapon (97 gold).
 48767 | Vaults:5 | Bought a scroll of enchant weapon for 97 gold pieces
 48767 | Vaults:5 | 48767 ||| BUYING scroll of teleportation (39 gold).
 48767 | Vaults:5 | Bought a scroll of teleportation for 39 gold pieces
 48781 | Vaults:5 | 48781 ||| INVOKING Heroism.
 48816 | Vaults:5 | Got a silver rune of Zot
 48841 | Vaults:5 | 48841 ||| Stepping ~*~*~tactically~*~*~ (hiding).
 48843 | Vaults:5 | 48843 ||| INVOKING Heroism.
 48848 | Vaults:5 | Identified the +1 robe of the Blessed Realm {rPois}
                  | (Okawaru gifted it to you on level 5 of the Vaults)
 48848 | Vaults:5 | Received a gift from Okawaru
 48895 | Vaults:5 | 48895 ||| Stepping ~*~*~tactically~*~*~ (stealth).
 48897 | Vaults:5 | 48897 ||| Stepping ~*~*~tactically~*~*~ (hiding).
 48902 | Vaults:5 | 48902 ||| INVOKING Heroism.
 49020 | Vaults:5 | Found Keasuc's Magic Scroll Boutique.
 49026 | Vaults:5 | 49026 ||| BUYING scroll of brand weapon (152 gold).
 49026 | Vaults:5 | Bought a scroll of brand weapon for 152 gold pieces
 49026 | Vaults:5 | 49026 ||| BUYING scroll of enchant weapon (120 gold).
 49026 | Vaults:5 | Bought a scroll of enchant weapon for 120 gold pieces
 49026 | Vaults:5 | 49026 ||| BUYING scroll of enchant weapon (120 gold).
 49026 | Vaults:5 | Bought a scroll of enchant weapon for 120 gold pieces
 49082 | Vaults:5 | Noticed an ancient lich
 49083 | Vaults:5 | 49083 ||| Stepping ~*~*~tactically~*~*~ (hiding).
 49085 | Vaults:5 | 49085 ||| Stepping ~*~*~tactically~*~*~ (hiding).
 49086 | Vaults:5 | 49086 ||| INVOKING Heroism.
 49087 | Vaults:5 | 49087 ||| INVOKING Finesse.
 49103 | Vaults:5 | Killed an ancient lich
 49277 | Vaults:5 | Found Edixupt's Distillery.
 49281 | Vaults:5 | 49281 ||| BUYING 2 potions of haste (280 gold).
 49281 | Vaults:5 | Bought 2 potions of haste for 280 gold pieces
 49281 | Vaults:5 | 49281 ||| BUYING potion of cancellation (112 gold).
 49281 | Vaults:5 | Bought a potion of cancellation for 112 gold pieces
 49281 | Vaults:5 | 49281 ||| BUYING potion of heal wounds (70 gold).
 49281 | Vaults:5 | Bought a potion of heal wounds for 70 gold pieces
 49281 | Vaults:5 | 49281 ||| BUYING potion of mutation (112 gold).
 49281 | Vaults:5 | Bought a potion of mutation for 112 gold pieces
 49296 | Vaults:5 | 49296 ||| PLANNING SHOPPING SPREE
 49296 | Vaults:5 | 49296 ||| UPGRADING to amulet "Apirph" {Reflect MP+9 SH+5}.
 49785 | Shoals:3 | 49785 ||| BUYING scroll of teleportation (51 gold).
 49785 | Shoals:3 | Bought a scroll of teleportation for 51 gold pieces
 50144 | D:1      | 50144 ||| BUYING scroll of enchant armour (75 gold).
 50144 | D:1      | Bought a scroll of enchant armour for 75 gold pieces
 50507 | Shoals:4 | 50507 ||| BUYING potion of haste (120 gold).
 50507 | Shoals:4 | Bought a potion of haste for 120 gold pieces
 50507 | Shoals:4 | 50507 ||| BUYING potion of magic (96 gold).
 50507 | Shoals:4 | Bought a potion of magic for 96 gold pieces
 50507 | Shoals:4 | 50507 ||| BUYING potion of mutation (96 gold).
 50507 | Shoals:4 | Bought a potion of mutation for 96 gold pieces
 50873 | Vaults:1 | 50873 ||| BUYING crystal broad axe (333 gold).
 50873 | Vaults:1 | Bought a crystal broad axe for 333 gold pieces
 50873 | Vaults:1 | Identified the +1 broad axe of Calamity {spect, rC+ Str+6
                  | Dex+4} (You bought it in a shop on level 1 of the Vaults)
 50873 | Vaults:1 | 50873 ||| BUYING potion of heal wounds (185 gold).
 50873 | Vaults:1 | Bought a potion of heal wounds for 185 gold pieces
 50873 | Vaults:1 | 50873 ||| BUYING scroll of teleportation (111 gold).
 50873 | Vaults:1 | Bought a scroll of teleportation for 111 gold pieces
 50873 | Vaults:1 | 50873 ||| SWAPPING to +1 broad axe of Calamity {spect, rC+
                  | Str+6 Dex+4}.
 50874 | Vaults:1 | 50874 ||| DROPPING +5 broad axe of Havoc {elec, *Corrode
                  | rN+ Str+2 Int+3}.
 50967 | Vaults:4 | 50967 ||| BUYING runed broad axe (196 gold).
 50967 | Vaults:4 | Bought a runed broad axe for 196 gold pieces
 50967 | Vaults:4 | 50967 ||| DROPPING +1 broad axe of flaming.
 51385 | Shoals:4 | 51385 ||| PLANNING ZOT:1-4
 51811 | Zot:1    | Entered Level 1 of the Realm of Zot
 51845 | Zot:1    | 51845 ||| Stepping ~*~*~tactically~*~*~ (stealth).
 51878 | Zot:1    | Noticed a curse toe
 51879 | Zot:1    | 51879 ||| INVOKING Heroism.
 51886 | Zot:1    | Killed a curse toe
 52032 | Zot:1    | You are sucked into a shaft and drop 1 floor!
 52050 | Zot:2    | Reached skill level 9 in Dodging
 52179 | Zot:2    | 52179 ||| INVOKING Heroism.
 52237 | Zot:2    | 52237 ||| UPGRADING to scarf of resistance.
 52238 | Zot:2    | 52238 ||| Stepping ~*~*~tactically~*~*~ (stealth).
 52241 | Zot:2    | 52241 ||| UPGRADING to scarf of resistance.
 52246 | Zot:2    | 52246 ||| Stepping ~*~*~tactically~*~*~ (hiding).
 52263 | Zot:2    | 52263 ||| Stepping ~*~*~tactically~*~*~ (hiding).
 52271 | Zot:2    | 52271 ||| INVOKING Heroism.
 52304 | Zot:2    | Reached skill level 23 in Fighting
 52395 | Zot:2    | 52395 ||| UPGRADING to +2 cloak.
 52400 | Zot:2    | 52400 ||| UPGRADING to scarf of resistance.
 52420 | Zot:1    | Noticed a curse toe
 52421 | Zot:1    | 52421 ||| INVOKING Heroism.
 52423 | Zot:1    | Killed a curse toe
 52441 | Zot:1    | Reached XP level 25. HP: 76/176 MP: 29/30
 52449 | Zot:1    | Received a gift from Okawaru
 52451 | Zot:1    | HP: 39/176 [white draconian stormcaller/divine providence[a
                  | purple draconian shifter] (11)]
 52452 | Zot:1    | 52452 ||| READING 11 scrolls of teleportation.
 52453 | Zot:1    | 52453 ||| DRINKING 4 potions of heal wounds.
 52600 | Zot:1    | 52600 ||| Stepping ~*~*~tactically~*~*~ (hiding).
 52602 | Zot:1    | 52602 ||| INVOKING Heroism.
 52660 | Zot:1    | 52660 ||| Stepping ~*~*~tactically~*~*~ (stealth).
 52676 | Zot:1    | 52676 ||| INVOKING Heroism.
 52699 | Zot:1    | Received a gift from Okawaru
 52723 | Zot:1    | 52723 ||| INVOKING Heroism.
 52728 | Zot:1    | HP: 38/176 [red draconian/+0 battleaxe (7)]
 52729 | Zot:1    | 52729 ||| READING 10 scrolls of teleportation.
 52730 | Zot:1    | 52730 ||| DRINKING 3 potions of heal wounds.
 52732 | Zot:1    | 52732 ||| DRINKING 2 potions of heal wounds.
 52733 | Zot:1    | 52733 ||| DRINKING potion of heal wounds.
 52738 | Zot:1    | HP: 44/176 [red draconian/+0 battleaxe (5)]
 52743 | Zot:1    | Identified the +2 quarterstaff of the Unstoppable Wishes
                  | {flame, rC- Int+9} (Okawaru gifted it to you on level 1 of
                  | the Realm of Zot)
 52743 | Zot:1    | Received a gift from Okawaru
 52860 | Zot:1    | 52860 ||| INVOKING Heroism.
 52995 | Zot:1    | 52995 ||| Stepping ~*~*~tactically~*~*~ (stealth).
 52997 | Zot:1    | 52997 ||| Stepping ~*~*~tactically~*~*~ (stealth).
 52999 | Zot:1    | 52999 ||| Stepping ~*~*~tactically~*~*~ (hiding).
 53145 | Zot:1    | 53145 ||| INVOKING Heroism.
 53370 | Zot:1    | 53370 ||| Stepping ~*~*~tactically~*~*~ (hiding).
 53372 | Zot:1    | 53372 ||| Stepping ~*~*~tactically~*~*~ (hiding).
 53374 | Zot:1    | 53374 ||| Stepping ~*~*~tactically~*~*~ (hiding).
 53711 | Zot:2    | 53711 ||| Stepping ~*~*~tactically~*~*~ (hiding).
 53712 | Zot:2    | 53712 ||| Stepping ~*~*~tactically~*~*~ (hiding).
 53714 | Zot:2    | 53714 ||| Stepping ~*~*~tactically~*~*~ (hiding).
 53801 | Zot:2    | 53801 ||| INVOKING Heroism.
 53810 | Zot:2    | Reached skill level 24 in Fighting
 54285 | Zot:3    | 54285 ||| INVOKING Heroism.
 54313 | Zot:3    | 54313 ||| Stepping ~*~*~tactically~*~*~ (hiding).
 54321 | Zot:3    | 54321 ||| Stepping ~*~*~tactically~*~*~ (hiding).
 54335 | Zot:3    | 54335 ||| Stepping ~*~*~tactically~*~*~ (hiding).
 54336 | Zot:3    | 54336 ||| Stepping ~*~*~tactically~*~*~ (hiding).
 54350 | Zot:3    | 54350 ||| Stepping ~*~*~tactically~*~*~ (hiding).
 54353 | Zot:3    | 54353 ||| INVOKING Heroism.
 54470 | Zot:3    | 54470 ||| Stepping ~*~*~tactically~*~*~ (stealth).
 54473 | Zot:3    | 54473 ||| Stepping ~*~*~tactically~*~*~ (hiding).
 54477 | Zot:3    | 54477 ||| INVOKING Heroism.
 54537 | Zot:3    | 54537 ||| Stepping ~*~*~tactically~*~*~ (hiding).
 54538 | Zot:3    | 54538 ||| Stepping ~*~*~tactically~*~*~ (hiding).
 54540 | Zot:3    | 54540 ||| INVOKING Heroism.
 54579 | Zot:3    | Found a transporter.
 54581 | Zot:3    | Found a transporter.
 54596 | Zot:3    | Found a transporter.
 54668 | Zot:3    | 54668 ||| INVOKING Heroism.
 54677 | Zot:3    | Identified the +2 robe "Yghynk" {-Cast Contam rN+++ SInv}
                  | (Okawaru gifted it to you on level 3 of the Realm of Zot)
 54677 | Zot:3    | Received a gift from Okawaru
 54690 | Zot:3    | Found a transporter.
 54794 | Zot:3    | Found a transporter.
 54795 | Zot:3    | Noticed a dread lich
 54795 | Zot:3    | Noticed Heisao's ghost (legendary TrBe)
 54796 | Zot:3    | Noticed an ancient lich
 54801 | Zot:3    | Found a transporter.
 54807 | Zot:3    | 54807 ||| Stepping ~*~*~tactically~*~*~ (hiding).
 54808 | Zot:3    | 54808 ||| INVOKING Heroism.
 55084 | Zot:4    | 55084 ||| STAIRDANCE
 55099 | Zot:4    | 55099 ||| INVOKING Heroism.
 55124 | Zot:4    | HP: 42/178 [white draconian stormcaller/divine providence[a
                  | black draconian knight] (12)]
 55125 | Zot:4    | 55125 ||| READING 9 scrolls of teleportation.
 55125 | Zot:4    | HP: 17/178 [golden dragon (27)]
 55125 | Zot:4    | HP: 2/178 [white draconian stormcaller/divine providence[a
                  | black draconian knight] (15)]
 55125 | Zot:4    | Demolished by a golden dragon

Levels and vault maps discovered:
D:1:      lemuel_arrival_hallway, layout_loops_ring, serial_shops,
          nicolae_shop_advertising_works [nicolae_subvault_shop_adworks],
          minmay_surrounded
D:2:      layout_loops_cross, ebering_ecumenical_altar_abandoned
D:3:      minmay_general_purpose_star, layout_loops_cross,
          nicolae_qazlal_style_of_elements
D:4:      layout_layer_cave, nicolae_ru_awakened_eye, minmay_misc_feat_plants,
          kennysheep_doodads, uniq_ijyb
D:5:      nicolae_cairo_tiling, layout_basic, amethyst_killhole
D:6:      wad_crossroads, layout_rooms, lightli_orcish_oven, uniq_blork_the_orc,
          uniq_duvessa, uniq_pikel, uniq_edmund
D:7:      layout_loops_corners, lemuel_doored_altar, serial_shops,
          nicolae_shop_hallway_stairs, minmay_crystal_room,
          chequers_serial_rivers_micro_e
D:8:      layout_basic, nicolae_gozag_cash_rules_everything_around_me,
          enter_bailey_3, serial_shops, kennysheep_mini, minmay_misc_feat_roman
D:9:      layout_stronghold, lemuel_crystal_altar, grunt_temple_overflow_open,
          lair_entry_dummy, minmay_orc_entry_temple_small,
          gammafunk_ghost_smash, nicolae_stop_n_shop_2,
          dreamdust_deal_with_the_devil
D:10:     layout_basic, kennysheep_generic_room_12
D:11:     layout_loops_ring, hangedman_decor_diamond_cutter,
          nicolae_vehumet_altar_sigil
D:12:     layout_basic
D:13:     layout_long_grid, gammafunk_ghost_abyssal_escape,
          minmay_misc_feat_rugged, minmay_gold_behind_fungi,
          palyth_stone_intersect
D:14:     layout_loops_ring, lightli_vaults_fourway_checkpoint,
          kiku_gazebo_garden_becter, minmay_puff, uniq_snorg
D:15:     hangedman_depths_entry_try_elsewhere_first, layout_grid_maze,
          grunt_dithmenos_smoke
Temple:   zaba_magenta_temple
Lair:1:   layout_hall_layers, st_stairs_8, infiniplex_staircase_pool_2,
          serial_bayou_shore_a, lemuel_fruit_tree, lemuel_fruit_fields
Lair:2:   layout_loops_ring, elwin_shoals_entry_rooms, grunt_megastairs_1
Lair:3:   layout_long_grid, minmay_snake_entry_guardpost_medium,
          eino_house_with_fridge, uniq_amaemon
Lair:4:   minmay_lair_oklob_tunnel, layout_layer_cave, dpeg_slime_entry_corner
Lair:5:   grunt_lair_end_beastmaster, layout_regular_city
Shoals:1: layout_shoals, st_sunken_temple
Shoals:2: layout_shoals, nicolae_shoals_isolated_beach, uniq_ilsuiw
Shoals:3: layout_shoals, serial_shops, nicolae_shop_overgrown_old_shop,
          shop_fountains, nicolae_shop_bloodbath_and_beyond,
          nicolae_shop_behind_doors, nicolae_shop_hallway_plus
Shoals:4: shoals_end_grunt_ice, layout_shoals, serial_shops, shop,
          nicolae_shop_stone, nicolae_shop_competitors_out_of_business,
          nicolae_shop_overgrown_old_shop
Snake:1:  layout_gridlike, basic_altar, dpeg_stationary_puzzle
Snake:2:  layout_rooms, grunt_ministairs_4, uniq_louise
Snake:3:  layout_onion, gammafunk_ghost_grave, drop_trap,
          nicolae_snake_gridmaze_spiral, nicolae_take_the_stairs,
          hangedman_snake_pattern, nicolae_snake_snake_lake, uniq_roxanne
Snake:4:  minmay_snake_end_coiled, layout_layer_cave, minmay_shop_star
Orc:1:    layout_caves, basic_altar, uniq_jorgrun
Orc:2:    pubby_orc_utopia, serial_shops
Vaults:1: v_rooms_4, vaults_room_grunt_arrival_ludios, nicolae_vaults_theta,
          nicolae_vaults_statue_guard, v_misc_18, v_pattern_2,
          vaults_standard_mumra_x, grunt_vaults_trifunnel, vaults_room_pools,
          nicolae_vaults_shelves_hall, ontoclasm_vaults_shuriken,
          layout_vaults_omnicross, serial_shops, nicolae_shop_behind_doors,
          nicolae_lakefront_shop
Vaults:2: portal_desolation_entry_salt, nicolae_vaults_little_squares_2,
          hangedman_vaults_cutoff, vaults_dpeg_cross, v_misc_17,
          v_alt_pattern_4, nicolae_vaults_alarming, v_alt_pattern_6,
          nicolae_vaults_mini_display_case, nicolae_vaults_big_angled_halls,
          minmay_crypt_entry_simple_box, nicolae_vaults_what_the_h,
          nicolae_vaults_network_barrier, vaults_room_hangedman_quadrants,
          layout_vaults_maze
Vaults:3: ontoclasm_vaults_ring_square, v_misc_14, ontoclasm_vaults_tryst,
          ontoclasm_vaults_loading_screen, vaults_room_grid, v_rooms_6,
          nicolae_vaults_little_squares_3, v_pattern_5, layout_vaults_omnigrid
Vaults:4: nicolae_vaults_puzzle_piece, hangedman_vaults_nodes,
          nicolae_vaults_circle_grid_b, nicolae_vaults_back_hallway,
          nicolae_vaults_asterisk, vaults_room_stairs_pillars,
          grunt_vaults_funnel, vaults_room_fancy_cross, v_pattern_1,
          nicolae_vaults_diagonal_hallway_7, layout_vaults_ring, serial_shops,
          shop_fountains
Vaults:5: uniq_sojobo
Depths:1: layout_cave_pools, lightli_too_deep, hellmonk_bongcloud_opening,
          hangedman_abyss_entry_splay, minmay_checkered_concentric_circles,
          serial_bayou_shore_b
Depths:2: minmay_two_paths, layout_honeycomb, enter_ziggurat_e,
          dk_noncrumbling_4, pan_entry, hellmouth_3
Depths:3: minmay_the_grid_square_5x5_5x5_mashed
          [minmay_the_grid_square_5x5_two_walls_a,
          minmay_the_grid_square_5x5_shuriken,
          minmay_the_grid_square_5x5_bridge, minmay_the_grid_square_5x5_three,
          minmay_the_grid_square_5x5_trominoes,
          minmay_the_grid_square_5x5_inner_z,
          minmay_the_grid_square_5x5_prize_rear_guard,
          minmay_the_grid_square_5x5_checkered_statues,
          minmay_the_grid_square_5x5_prize_gold,
          minmay_the_grid_square_5x5_hollow_slash,
          minmay_the_grid_square_5x5_doubleslash,
          minmay_the_grid_square_5x5_three_small,
          minmay_the_grid_square_5x5_prize_monsterx,
          minmay_the_grid_square_5x5_spiral, minmay_the_grid_square_5x5_plus,
          minmay_the_grid_square_5x5_n_small,
          minmay_the_grid_square_5x5_prize_junk,
          minmay_the_grid_square_5x5_inner_i,
          minmay_the_grid_square_5x5_prize_deathbox,
          minmay_the_grid_square_5x5_bite, minmay_the_grid_square_5x5_two,
          minmay_the_grid_square_5x5_eight,
          minmay_the_grid_square_5x5_hourglass,
          minmay_the_grid_square_5x5_almost_minimal,
          minmay_the_grid_square_5x5_six_small], layout_small_grid,
          trog_three_pillars_becter, abyss_entry, pf_hell_entry_tar_spiral,
          minmay_shop_grove, infiniplex_staircase_zigzag_1
Depths:4: grunt_twist_and_shout, layout_cave_pools, hell_entry,
          grunt_pan_entry_sceptre, amcnicky_mini_pool_small, uniq_margery
Zot:1:    layout_gridlike, hangedman_zot_spectrum
Zot:2:    layout_onion_interference
Zot:3:    layout_cathedral_of_symmetry, gammafunk_ghost_mausoleum,
          nicolae_transporter_circle
Zot:4:    infiniplex_zot_generator, layout_onion_interference

Skill      XL: |  1  2  3  4  5  6  7  8  9 10 11 12 13 14 15 16 17 18 19 20 21 22 23 24 25 |
---------------+----------------------------------------------------------------------------+-----
Axes           | 2 3 4 5 7 8 9 11 13 15 16 17 18 | 18.0
Throwing       | 1 2 4 5 6 7 9 10 11 12 13 | 13.9
Fighting       | 4 7 9 10 11 12 13 15 17 19 21 23 24 | 24.0
Dodging        | 1 2 3 4 5 6 7 8 10 11 | 11.0
Invocations    | 4 9 10 | 10.0
Armour         | 4 6 8 9 10 11 12 13 14 15 18 19 20 22 | 22.0
Shields        | 4 5 6 7 8 9 14 17 18 19 20 21 22 | 22.0

Action                   |  1- 3 |  4- 6 |  7- 9 | 10-12 | 13-15 | 16-18 | 19-21 | 22-24 | 25-27 || total
-------------------------+-------+-------+-------+-------+-------+-------+-------+-------+-------++-------
Melee: War axe           |    49 |   155 |   194 |   464 |   425 |       |       |       |       ||  1287
       Peck              |       |    20 |    38 |    83 |   225 |   238 |   350 |   411 |   110 ||  1475
       Morningstar       |       |       |       |     4 |       |       |       |       |       ||     4
       Demon whip        |       |       |       |    42 |     5 |       |       |       |       ||    47
       Broad axe         |       |       |       |       |   569 |  1096 |  1198 |  1276 |   304 ||  4443
Throw: Javelin           |    33 |    27 |     4 |     4 |   127 |    63 |    92 |    53 |    17 ||   420
       Boomerang         |       |       |     7 |    25 |    50 |     7 |       |       |       ||    89
Invok: Heroism           |       |       |     7 |    25 |    52 |    44 |    46 |    36 |    13 ||   223
       Finesse           |       |       |       |     3 |    13 |     9 |    10 |    11 |       ||    46
  Use: Scroll            |     2 |     4 |     7 |    14 |    14 |     1 |     2 |     5 |     3 ||    52
       Potion            |     1 |     4 |     1 |     1 |     3 |       |     2 |     3 |     4 ||    19
 Stab: Petrified         |       |       |       |       |     4 |       |       |       |       ||     4
       Petrifying        |       |       |       |       |     1 |       |       |       |       ||     1
       Distracted        |       |       |       |       |       |       |       |     4 |    11 ||    15
Armor: Scale mail        |    18 |    77 |    48 |       |       |       |       |       |       ||   143
       Chain mail        |       |       |    22 |    68 |       |       |       |       |       ||    90
       Plate armour      |       |       |       |   138 |   373 |   148 |       |       |       ||   659
       Crystal plate arm |       |       |       |       |       |   253 |   453 |   511 |   111 ||  1328
Dodge: Dodged            |    15 |   100 |    94 |   184 |   321 |   343 |   267 |   360 |   130 ||  1814
Block: Buckler           |    10 |    38 |    89 |   210 |   403 |   170 |       |       |       ||   920
       Reflection        |       |       |     2 |     8 |    27 |   102 |    17 |     4 |     4 ||   164
       Tower shield      |       |       |       |       |       |   641 |  1140 |  1186 |   350 ||  3317
       Kite shield       |       |       |       |       |       |    81 |       |       |       ||    81

Table legend:
 A = Non-vault XP
 B = Vault XP
 C = Vault XP percentage of total XP
 D = Non-vault monster count
 E = Vault monster count
 F = Vault count percentage of total count
                 A         B        C        D         E       F
            +---------+---------+-------+---------+---------+-------
      Total |  557917 |  497688 |  47.1 |    1111 |     771 |  41.0
            +---------+---------+-------+---------+---------+-------
        D:1 |      27 |       8 |  22.9 |      17 |       5 |  22.7
        D:2 |      82 |       0 |   0.0 |      17 |       0 |   0.0
        D:3 |     160 |      93 |  36.8 |      26 |       4 |  13.3
        D:4 |     283 |      35 |  11.0 |      16 |       1 |   5.9
        D:5 |     687 |       0 |   0.0 |      12 |       0 |   0.0
        D:6 |    1927 |    1302 |  40.3 |      22 |      14 |  38.9
        D:7 |    1042 |       0 |   0.0 |      16 |       0 |   0.0
        D:8 |     748 |       8 |   1.1 |      24 |       4 |  14.3
        D:9 |    3008 |     392 |  11.5 |      29 |       8 |  21.6
       D:10 |    5106 |       0 |   0.0 |      30 |       0 |   0.0
       D:11 |    7109 |       0 |   0.0 |      24 |       0 |   0.0
       D:12 |    7358 |       0 |   0.0 |      27 |       0 |   0.0
       D:13 |    4809 |       0 |   0.0 |       8 |       0 |   0.0
       D:14 |    6470 |   10616 |  62.1 |      15 |      16 |  51.6
       D:15 |    9467 |    2605 |  21.6 |      21 |       4 |  16.0
     Lair:1 |    3970 |     190 |   4.6 |      18 |       1 |   5.3
     Lair:2 |    5080 |    1236 |  19.6 |      14 |       5 |  26.3
     Lair:3 |    2201 |    2846 |  56.4 |      10 |      19 |  65.5
     Lair:4 |    6905 |    1137 |  14.1 |      23 |       2 |   8.0
     Lair:5 |   11488 |    6497 |  36.1 |      35 |      14 |  28.6
   Shoals:1 |   11113 |    7255 |  39.5 |      21 |      11 |  34.4
   Shoals:2 |   23928 |    4047 |  14.5 |      41 |       6 |  12.8
   Shoals:3 |    5862 |       0 |   0.0 |      13 |       0 |   0.0
   Shoals:4 |   11263 |   19522 |  63.4 |      26 |      29 |  52.7
    Snake:1 |   11932 |    1411 |  10.6 |      26 |       1 |   3.7
    Snake:2 |   21975 |    2570 |  10.5 |      40 |       2 |   4.8
    Snake:3 |   18762 |       0 |   0.0 |      37 |       0 |   0.0
    Snake:4 |   17383 |   17238 |  49.8 |      33 |      34 |  50.7
      Orc:1 |    2588 |    1995 |  43.5 |      46 |      11 |  19.3
      Orc:2 |       0 |   19477 | 100.0 |       0 |     141 | 100.0
   Vaults:1 |   20064 |   16530 |  45.2 |      32 |      25 |  43.9
   Vaults:2 |   18827 |   22186 |  54.1 |      27 |      33 |  55.0
   Vaults:3 |   24132 |   13482 |  35.8 |      34 |      15 |  30.6
   Vaults:4 |   12354 |   26967 |  68.6 |      18 |      34 |  65.4
   Vaults:5 |   25653 |  108533 |  80.9 |      45 |      90 |  66.7
   Depths:1 |   33429 |    8309 |  19.9 |      46 |       9 |  16.4
   Depths:2 |   34652 |   24838 |  41.8 |      43 |      29 |  40.3
   Depths:3 |   75721 |   79579 |  51.2 |      87 |      62 |  41.6
   Depths:4 |    8084 |   16395 |  67.0 |       9 |      19 |  67.9
      Zot:1 |   39764 |   37220 |  48.3 |      32 |      35 |  52.2
      Zot:2 |   38511 |       0 |   0.0 |      32 |       0 |   0.0
      Zot:3 |   19457 |       0 |   0.0 |      15 |       0 |   0.0
      Zot:4 |    4536 |       0 |   0.0 |       4 |       0 |   0.0
 Desolation |       0 |   43169 | 100.0 |       0 |      88 | 100.0
            +---------+---------+-------+---------+---------+-------
